 Dungeon Crawl Stone Soup version 0.30-a0-141-g30f27751c5 (webtiles) character file.

Game seed: 8477265847288856639

473381 qw the Slayer (level 24, -4/176 HPs)
             Began as a Gargoyle Fighter on Sept 25, 2022.
             Was a High Priest of Okawaru.
             Slain by a deep troll (10 damage)
             ... led by an ironbound preserver
             ... on level 5 of the Vaults.
             The game lasted 00:23:05 (49667 turns).

qw the Slayer (Gargoyle Fighter)                   Turns: 49667, Time: 00:23:06

Health: -4/176     AC: 72    Str: 33    XL:     24   Next: 71%
Magic:  39/39      EV: 14    Int: 17    God:    Okawaru [*****.]
Gold:   3483       SH: 30    Dex: 14    Spells: 23/23 levels left

rFire   + . .      SeeInvis +    K - +7 broad axe of the Ageless Olives {speed, Fly Int+4}
rCold   + + .      Faith    .    t - +8 kite shield of Vexation {rC- rN+ Slay+6}
rNeg    + + +      Spirit   .    A - +8 orange crystal plate armour {Archmagi, Int+3 Clar}
rPois   inf        Reflect  +    G - +2 helmet of Fogyboba {rCorr Dex+5}
rElec   +          Harm     .    D - scarf {rC+ rF+}
rCorr   +          Rampage  .    o - +4 pair of gloves "Weeggikh" {rC+}
Will    +....      Archmagi +    v - +2 pair of boots
Stlth   .......... Clarity  +    w - amulet of reflection
HPRegen 0.39/turn                m - ring of Fyhaelusch {rPois rC+ rN+ MP+9 Str+4}
MPRegen 0.26/turn                q - ring of see invisible

@: heroic, finesse-ful, marked, flying
A: sickness immunity, AC +18, big wings, negative energy resistance 1,
electricity resistance, torment resistance 1, petrification resistance, dopey 1
}: 2/15 runes: decaying, serpentine
a: Renounce Religion, Heroism, Finesse, Duel


You were on level 5 of the Vaults.
You worshipped Okawaru.
Okawaru was extremely pleased with you.
You visited 8 branches of the dungeon, and saw 40 of its levels.
You also visited: Ossuary and Gauntlet.

You collected 4923 gold pieces.
You spent 1440 gold pieces at shops.


Innate Abilities, Weirdness & Mutations

You are immune to sickness and miasma.
Your stone body is resilient. (AC +18)
You are immune to poison.
Your large and strong wings let you fly.
You resist negative energy. (rN+)
You are resistant to electric shocks. (rElec)
You are resistant to unholy torment.
You are immune to petrification.
You are dopey. (Int -2)


   Skills:
 + Level 25.5(27) Fighting
 - Level 18.0(23.0) Axes
 - Level 9.3(14.3) Throwing
 - Level 22.0(27) Armour
 - Level 10.0(15.0) Dodging
 - Level 19.9(24.9) Shields
 - Level 10.0 Invocations


You had 23 spell levels left.
You didn't know any spells.
Your spell library was empty.

Inventory:

Hand Weapons
 K - the +7 broad axe of the Ageless Olives (weapon) {speed, Fly Int+4}
   (You found it on level 3 of the Swamp)

   Attacks with this weapon are significantly faster.
   Int:       It affects your intelligence (+4).
   Fly:       It grants you flight.
Missiles
 E - 14 boomerangs (quivered)
Armour
 a - +0 acid dragon scales
 l - a +0 cloak
 o - the +4 pair of gloves "Weeggikh" (worn) {rC+}
   (Okawaru gifted it to you on level 4 of the Snake Pit)

   rC:        It protects you from cold.
 s - a +1 tower shield of fire resistance
 t - the +8 kite shield of Vexation (worn) {rC- rN+ Slay+6}
   (You found it on level 7 of the Dungeon)

   Slay:      It affects your accuracy & damage with ranged weapons and melee
   (+6).
   rC:        It makes you vulnerable to cold.
   rN:        It protects you from negative energy.
 v - a +2 pair of boots (worn)
 z - a scarf of repulsion
 A - the +8 orange crystal plate armour (worn) {Archmagi, Int+3 Clar}
   (Okawaru gifted it to you on level 2 of the Lair of Beasts)

   Int:       It affects your intelligence (+3).
   Clar:      It protects you against confusion.
 D - a scarf of resistance (worn)
 G - the +2 helmet of Fogyboba (worn) {rCorr Dex+5}
   (Okawaru gifted it to you on level 1 of the Depths)

   Dex:       It affects your dexterity (+5).
   rCorr:     It protects you from acid and corrosion.
Jewellery
 c - a +6 ring of strength
 j - a ring of protection from fire
 m - the ring of Fyhaelusch (left hand) {rPois rC+ rN+ MP+9 Str+4}
   (You found it in a Gauntlet)

   [ring of poison resistance]

   Str:       It affects your strength (+4).
   rC:        It protects you from cold.
   rPois:     It protects you from poison.
   rN:        It protects you from negative energy.
   MP:        It affects your magic capacity (+9).
 n - a ring of fire
 q - a ring of see invisible (right hand)
 r - a ring of resist corrosion
 u - a ring of see invisible
 w - an amulet of reflection (around neck)
 L - a ring of protection from cold
Wands
 g - a wand of digging (17)
Scrolls
 h - 27 scrolls of identify
 i - a scroll of enchant armour
 x - a scroll of brand weapon
 J - 4 scrolls of enchant weapon
Potions
 b - 5 potions of mutation
 d - 11 potions of might
 e - 8 potions of haste
 f - 24 potions of curing
 k - 5 potions of resistance
 p - 3 potions of lignification
 B - 3 potions of attraction
 C - 4 potions of magic
 H - a potion of cancellation

Dungeon Overview and Level Annotations

Branches:
Dungeon (15/15)            Temple (1/1) D:5            Lair (5/5) D:10
  Swamp (4/4) Lair:2        Snake (4/4) Lair:3        Slime (0/5) Lair:4
    Orc (2/2) D:11            Elf (0/3) Orc:2        Vaults (5/5) D:13
  Crypt (0/3) Vaults:2     Depths (4/4) D:15            Zot (0/5) Depths:4
Ossuary (visited)         Gauntlet (visited)

Altars:
Ashenzari
Cheibriados
Dithmenos
Elyvilon
Fedhas
Gozag
Hepliaklqana
Kikubaaqudgha
Makhleb
Nemelex Xobeh
Okawaru
Qazlal
Ru
Sif Muna
Trog
Uskayaw
Vehumet
Wu Jian
Xom
Yredelemnul
Zin
The Shining One
Jiyva
Lugonu

Shops:
D:3 [   D:6 [   D:14 (   D:15 *   Orc:2 ([*:   Snake:4 :=:   Vaults:4 :
Depths:4 *

Portals:
Hell: Depths:1 Depths:2 Depths:3 Depths:4
Abyss: Lair:5 Depths:3
Pandemonium: Depths:1 Depths:2 Depths:3
Ziggurat: Depths:3
Trove: D:14 (give +8 demon whip)

Annotations:
Lair:4 3 runed translucent doors, Laummuim's ghost, journeyman FeFi
Snake:2 1 runed translucent door, Sokuv's ghost, adept DECj
Depths:1 4 transporters


Message History

The shadow dragon is moderately wounded.
You slice the brown very ugly thing!! You slice the brown very ugly thing!!
The brown very ugly thing is heavily wounded.
You hit the hell knight but do no damage.
You slash the shadow dragon! You slash the brown very ugly thing!
The brown very ugly thing is heavily wounded.
You slash the hell knight! You hit the shadow dragon.
You block the shadow dragon's attack. x2
The shadow dragon claws you but does no damage.
The brown very ugly thing pecks you but does no damage.
You slice the brown very ugly thing!!
The brown very ugly thing is severely wounded.
You hit the hell knight but do no damage.
You slash the shadow dragon! You block the hell knight's attack.
You open the brown very ugly thing like a pillowcase!!!
You kill the brown very ugly thing!
Okawaru accepts your kill.
You closely miss the hell knight. You slash the shadow dragon!
You slice the shadow dragon!!
The shadow dragon is severely wounded.
You slice the hell knight!! You slice the shadow dragon!!
The shadow dragon is severely wounded.
You slice the hell knight!! You block the hell knight's attack.
You block the shadow dragon's attack.
The shadow dragon claws you but does no damage. x2
A brown very ugly thing comes into view.
The brown very ugly thing basks in the mutagenic energy from its kin and changes!
A brown very ugly thing comes into view.
You cut the shadow dragon into ribbons!!!
You kill the shadow dragon!
Okawaru accepts your kill.
You slice the hell knight!!
You kill the hell knight!
Okawaru accepts your kill.
You block the deep troll's attack. x2; The deep troll claws you!
You die...

..........)....
#######........######
..........<<.........
.........<[)<........
.........)<<.....uu.
........).))).).u...
#########).))[))%#######
......))[)).))).)T......
##....##))#....#@.......
##.. ##.#....#p.......
#. #.#....#........ #.
..#....#.......# ..
..#....#......'# #
#..#....#.....#'.
##.#....#...### . #.#
#..##


You could see a hell knight and a deep troll.

Vanquished Creatures
  A dread lich (Vaults:5)
  3 ancient liches (Vaults:5)
  A juggernaut (Depths:2)
  Margery (Depths:4)
  Saint Roka (Orc:2)
  Vashnia (Snake:2)
  3 caustic shrikes (Depths:4)
  2 golden dragons (Vaults:5)
  A bone dragon (Depths:4)
  Jorgrun (D:14)
  A walking crystal tome (Depths:2)
  7 tentacled monstrosities
  2 liches (Vaults:2)
  8 titans
  2 quicksilver dragons
  5 sphinxes
  Frances (Snake:2)
  6 tengu reavers
  8 shadow dragons
  Donald (Vaults:2)
  Roxanne (D:14)
  A fenstrider witch (shapeshifter) (Depths:3)
  8 storm dragons
  5 nagarajas
  11 fire giants
  10 frost giants
  2 deep elf sorcerers
  An iron dragon (shapeshifter) (Depths:3)
  Aizul (Snake:1)
  15 vault wardens
  2 draconian scorchers (Depths:4)
  4 ghost moths (Depths:3)
  2 iron dragons (Depths:3)
  A balrug (Depths:1)
  A deep elf elementalist (Depths:3)
  An orc warlord (Vaults:4)
  21 ironbound preservers
  40 very ugly things
  5 war gargoyles
  5 eleionomae
  15 stone giants
  7 ironbound thunderhulks
  A green draconian (Depths:4)
  Nessos (D:14)
  A minotaur (Gauntlet)
  A yellow draconian (Depths:4)
  A deep elf annihilator (Depths:3)
  A lorocyproca (Depths:3)
  A red draconian (Depths:4)
  4 bunyips
  4 vampire knights
  6 dire elephants
  9 spark wasps
  A merfolk impaler (Depths:2)
  A green death (Gauntlet)
  A deep elf death mage (Vaults:3)
  2 crystal guardians (Depths:3)
  3 shambling mangroves
  14 ettins
  4 deep elf high priests
  4 fire dragons
  2 entropy weavers
  15 yaktaur captains
  26 vault guards
  3 great orbs of eyes
  3 rakshasas
  An ice dragon (shapeshifter) (Depths:3)
  9 ice dragons
  6 ironbound frosthearts
  A catoblepas (Lair:1)
  9 salamander tyrants
  4 ghost crabs
  23 hydras
  2 peacekeepers
  2 ogre magi (Vaults:5)
  9 boulder beetles
  17 centaur warriors
  A juggernaut simulacrum (Depths:3)
  2 spriggan air magi
  7 anacondas
  9 alligators
  Erica (D:11)
  12 deep troll earth magi
  8 tengu warriors
  10 death yaks
  19 naga warriors
  A two-headed ogre (D:13)
  9 deep troll shamans
  11 shock serpents
  5 dancing weapons (Depths:3)
  11 naga sharpshooters
  A titan zombie (Vaults:3)
  2 sun demons
  A vampire mage (Swamp:4)
  2 spriggan berserkers (Depths:4)
  3 thrashing horrors (Lair:5)
  19 hell knights
  6 goliath frogs
  6 skeletal warriors
  7 sea snakes
  2 deep elf knights (Vaults:5)
  8 iron trolls
  6 salamander mystics
  60 deep trolls
  A storm dragon skeleton (Depths:1)
  A flayed ghost (D:15)
  7 naga ritualists
  5 spriggan druids
  A deep elf archer (Vaults:5)
  21 ironbound convokers
  7 bog bodies
  7 swamp dragons
  8 phantasmal warriors
  Pikel (D:5)
  An orange crystal statue (Depths:1)
  2 deep elf zephyrmancers (Vaults:5)
  A harpy (shapeshifter) (D:15)
  11 necromancers
  9 lindwurms
  9 harpies (Vaults:1)
  2 deep elf pyromancers
  A tengu zombie (Vaults:3)
  8 wizards
  3 orc knights
  A fire giant zombie (D:15)
  34 ugly things
  A golden dragon skeleton (Depths:1)
  2 orc sorcerers
  A frost giant zombie (D:15)
  2 moths of wrath (shapeshifter)
  8 mana vipers
  2 manticores
  2 will-o-the-wisps
  A stone giant zombie (Depths:1)
  10 cyclopes
  6 elephants (Lair:4)
  A manticore (shapeshifter) (Depths:3)
  33 salamanders
  7 guardian serpents
  A water nymph (shapeshifter) (D:14)
  A frost giant skeleton (Depths:1)
  A guardian serpent (shapeshifter) (Vaults:4)
  3 smoke demons
  A torpor snail (Lair:2)
  31 naga magi
  36 black mambas
  10 cane toads
  2 gargoyles
  An unseen horror (D:11)
  2 rust devils (D:15)
  A molten gargoyle (Depths:1)
  2 orange demons (D:15)
  10 vault sentinels
  Psyche (D:11)
  A rime drake (Lair:4)
  6 komodo dragons
  28 yaktaurs
  2 hellwings (D:15)
  5 tengu conjurers
  A yaktaur zombie (Vaults:3)
  An efreet (Gauntlet)
  2 ice devils (D:15)
  3 freezing wraiths
  4 red devils
  An ancient zyme (Lair:5)
  A bloated husk (Swamp:1)
  13 tyrant leeches
  A large abomination (Lair:5)
  A polar bear (Lair:5)
  14 hornets
  11 slime creatures
  A tarantella (Vaults:3)
  4 trolls
  36 blink frogs
  2 tarantellas (shapeshifter)
  A sphinx simulacrum (Depths:1)
  11 dream sheep
  A dream sheep (shapeshifter) (Depths:3)
  An ettin skeleton (Vaults:4)
  A jumping spider (shapeshifter) (Lair:5)
  Sigmund (D:5)
  A spriggan (shapeshifter) (Vaults:5)
  57 yaks
  Eustachio (D:6)
  3 wyverns
  10 spriggans
  10 small abominations (Lair:5)
  3 wraiths
  4 ynoxinuls
  4 water elementals
  5 basilisks
  2 fire elementals (Gauntlet)
  6 shadows
  2 steam dragons
  3 chaos spawn
  2 redbacks (Vaults:3)
  6 vampire mosquitoes
  A neqoxec (D:15)
  A glowing shapeshifter zombie (D:15)
  2 two-headed ogre zombies (D:11)
  41 nagas
  A redback (shapeshifter) (Vaults:5)
  22 swamp worms
  4 wargs
  2 acid dragons
  A hell hound (Gauntlet)
  2 human skeletons
  A floating eye (Depths:1)
  Duvessa (D:5)
  12 water moccasins
  16 swamp drakes
  A sky beast (D:8)
  23 orc warriors
  3 black bears
  3 ice beasts
  7 ogres
  13 centaurs
  7 wolves
  2 phantoms (D:11)
  A lemure (D:5)
  3 kobold brigands
  10 bullfrogs
  10 scorpions
  A gnoll sergeant (D:11)
  3 wights (D:9)
  Dowan (D:5)
  2 howler monkeys
  9 killer bees
  2 troll zombies (D:11)
  5 electric eels
  3 centaur zombies (Ossuary)
  3 human simulacra
  2 gnoll boudas
  8 hounds
  2 human zombies (Ossuary)
  10 orc priests
  2 iguanas
  7 scorpion zombies (Ossuary)
  25 orc wizards
  5 hell rats (Lair:5)
  4 ogre zombies (D:11)
  3 mummies (Ossuary)
  7 adders
  8 gnolls
  2 white imps
  2 ufetubi
  2 worms
  5 dart slugs
  60 orcs
  2 bats
  4 endoplasms
  4 giant cockroaches
  2 gnoll zombies (Ossuary)
  5 goblins
  7 hobgoblins
  5 quokkas
  3 training dummies (D:14)
  5 ball pythons
  3 goblin skeletons (D:11)
  2 goblin zombies
  8 hobgoblin zombies
  14 kobolds
  A kobold zombie (Ossuary)
  3 orc skeletons (D:11)
  17 orc zombies
  6 rats
1693 creatures vanquished.

Vanquished Creatures (others)
  A hydra (Swamp:4)
  A hell knight (Depths:2)
  A tengu conjurer (Depths:1)
  A swamp worm (Swamp:1)
  2 centaurs (D:14)
  2 orcs
  3 bushes (Lair:5)
  2 demonic plants (D:15)
  2 foxfires (Swamp:2)
  41 fungi
  78 plants
  16 withered plants
150 creatures vanquished.

Grand Total: 1843 creatures vanquished

Notes
Turn   | Place    | Note
-------+----------+-------------------------------------------
     0 | D:1      | qw the Gargoyle Fighter began the quest for the Orb.
     0 | D:1      | Reached XP level 1. HP: 14/14 MP: 1/1
     0 | D:1      | 0 ||| qw: Version: 0.2-a-10-g399e6c4
     0 | D:1      | 0 ||| qw: Game counter: 349
     0 | D:1      | 0 ||| qw: Always use a shield: true
     0 | D:1      | 0 ||| qw: God list: Okawaru
     0 | D:1      | 0 ||| qw: Allow faded altars: false
     0 | D:1      | 0 ||| qw: Do Orc after D:15 true
     0 | D:1      | 0 ||| qw: Do second Lair branch before Depths: true
     0 | D:1      | 0 ||| qw: Lair rune preference: random
     0 | D:1      | 0 ||| qw: Plans: Normal, Zot:1-4, God:TSO, Crypt, Tomb,
                  | Pan, Slime:5, Hells, Abyss, Orb
     0 | D:1      | 0 ||| PLANNING D:1-11
    66 | D:1      | 66 ||| Stepping ~*~*~tactically~*~*~ (hiding).
   216 | D:1      | Found a faded altar of an unknown god.
   308 | D:1      | Reached XP level 2. HP: 17/19 MP: 2/2
   628 | D:1      | 628 ||| UPGRADING to ring of see invisible.
   629 | D:1      | 629 ||| READING 2 scrolls labelled YGHUREAQUA.
   630 | D:1      | 630 ||| READING scroll labelled FANIYR DIOPRU.
   631 | D:1      | 631 ||| READING scroll labelled EWUREMMASE.
   632 | D:1      | 632 ||| DRINKING 2 fizzy inky potions.
   633 | D:1      | 633 ||| DROPPING scroll of magic mapping.
   693 | D:2      | 693 ||| FLEEEEING.
   694 | D:2      | 694 ||| FLEEEEING.
   695 | D:2      | 695 ||| STAIRDANCE
   760 | D:2      | Reached skill level 3 in Axes
   760 | D:2      | 760 ||| STAIRDANCE
   843 | D:2      | Reached XP level 3. HP: 21/23 MP: 3/3
   997 | D:2      | 997 ||| Stepping ~*~*~tactically~*~*~ (stealth).
  1152 | D:2      | Reached skill level 1 in Throwing
  1278 | D:2      | 1278 ||| SWAPPING to +2 war axe of venom.
  1279 | D:2      | 1279 ||| DROPPING +0 war axe.
  1629 | D:2      | 1629 ||| READING scroll labelled NINLURYRIGEN.
  1633 | D:2      | 1633 ||| READING scroll labelled KENAPSU BIACK.
  1634 | D:2      | 1634 ||| READING 6 scrolls of identify.
  1634 | D:2      | 1634 ||| IDENTIFYING fizzy blue potion
  1635 | D:2      | 1635 ||| READING 5 scrolls of identify.
  1635 | D:2      | 1635 ||| IDENTIFYING silvery potion
  1636 | D:2      | 1636 ||| READING 4 scrolls of identify.
  1636 | D:2      | 1636 ||| IDENTIFYING sedimented green potion
  1637 | D:2      | 1637 ||| DROPPING potion of brilliance.
  1790 | D:3      | Reached XP level 4. HP: 28/28 MP: 4/4
  1825 | D:3      | 1825 ||| Stepping ~*~*~tactically~*~*~ (hiding).
  1903 | D:3      | 1903 ||| Stepping ~*~*~tactically~*~*~ (stealth).
  1923 | D:3      | Identified the +2 pair of gloves of Pandemonium {Will+}
  1980 | D:3      | Found Menoc's Antique Armour Shoppe.
  1995 | D:3      | 1995 ||| SHOPLISTING +3 Mad Mage's Maulers {Infuse+∞
                  | RegenMP Int-3} (1200 gold, have 145).
  1995 | D:3      | 1995 ||| BUYING chain mail (135 gold).
  1995 | D:3      | Bought a chain mail for 135 gold pieces
  1995 | D:3      | 1995 ||| SHOPLISTING helmet (135 gold, have 10).
  1995 | D:3      | 1995 ||| SHOPLISTING plate armour (690 gold, have 10).
  1995 | D:3      | 1995 ||| SHOPLISTING runed orb (360 gold, have 10).
  1995 | D:3      | 1995 ||| SHOPLISTING spiked chain mail (285 gold, have 10).
  2077 | D:3      | 2077 ||| Stepping ~*~*~tactically~*~*~ (stealth).
  2440 | D:3      | 2440 ||| UPGRADING to +2 pair of gloves of Pandemonium
                  | {Will+}.
  2445 | D:3      | 2445 ||| UPGRADING to +0 cloak.
  2450 | D:3      | 2450 ||| UPGRADING to +0 chain mail.
  2460 | D:3      | 2460 ||| DROPPING +0 scale mail.
  2484 | D:4      | 2484 ||| STAIRDANCE
  2489 | D:4      | 2489 ||| STAIRDANCE
  2499 | D:4      | Noticed a black bear
  2500 | D:4      | 2500 ||| STAIRDANCE
  2543 | D:4      | Killed a black bear
  2544 | D:4      | Reached XP level 5. HP: 22/32 MP: 5/5
  2544 | D:4      | 2544 ||| FLEEEEING.
  2545 | D:4      | 2545 ||| FLEEEEING.
  2546 | D:4      | 2546 ||| FLEEEEING.
  2547 | D:4      | 2547 ||| STAIRDANCE
  2668 | D:4      | Reached XP level 6. HP: 35/38 MP: 6/6
  2711 | D:4      | 2711 ||| READING scroll of enchant weapon.
  2711 | D:4      | 2711 ||| ENCHANTING +3 war axe of venom.
  2749 | D:4      | 2749 ||| Stepping ~*~*~tactically~*~*~ (stealth).
  2913 | D:4      | Found a shadowy altar of Dithmenos.
  2953 | D:4      | 2953 ||| Stepping ~*~*~tactically~*~*~ (stealth).
  2958 | D:4      | Reached skill level 4 in Fighting
  2959 | D:4      | 2959 ||| Stepping ~*~*~tactically~*~*~ (hiding).
  3301 | D:4      | 3301 ||| UPGRADING to +0 pair of boots.
  3306 | D:4      | 3306 ||| READING 6 scrolls of identify.
  3306 | D:4      | 3306 ||| IDENTIFYING lumpy orange potion
  3307 | D:4      | 3307 ||| DROPPING potion of degeneration.
  3328 | D:5      | Entered Level 5 of the Dungeon
  3332 | D:5      | Reached skill level 6 in Axes
  3335 | D:5      | Reached skill level 1 in Dodging
  3335 | D:5      | Reached XP level 7. HP: 38/43 MP: 7/7
  3371 | D:5      | 3371 ||| DROPPING +0 whip.
  3380 | D:5      | 3380 ||| READING scroll of enchant weapon.
  3380 | D:5      | 3380 ||| ENCHANTING +4 war axe of venom.
  3412 | D:5      | 3412 ||| Stepping ~*~*~tactically~*~*~ (stealth).
  3416 | D:5      | Noticed Sigmund
  3417 | D:5      | 3417 ||| Stepping ~*~*~tactically~*~*~ (stealth).
  3419 | D:5      | Noticed Pikel
  3423 | D:5      | Noticed Duvessa
  3428 | D:5      | Noticed Dowan
  3429 | D:5      | Killed Sigmund
  3430 | D:5      | Killed Pikel
  3431 | D:5      | Reached skill level 6 in Fighting
  3431 | D:5      | Reached XP level 8. HP: 30/52 MP: 8/8
  3436 | D:5      | Killed Dowan
  3438 | D:5      | Killed Duvessa
  3601 | D:5      | Found a broken altar of Ashenzari.
  3605 | D:5      | Found a staircase to the Ecumenical Temple.
  3606 | D:5      | 3606 ||| PLANNING TEMPLE
  3606 | D:5      | 3606 ||| READING scroll labelled FEIB WOCZAFF.
  3607 | D:5      | 3607 ||| READING 5 scrolls of identify.
  3607 | D:5      | 3607 ||| IDENTIFYING bubbling ruby potion
  3608 | D:5      | 3608 ||| DROPPING potion of flight.
  3617 | Temple   | Entered the Ecumenical Temple
  3618 | Temple   | 3618 ||| PLANNING OKAWARU WORSHIP
  3733 | Temple   | Became a worshipper of Warmaster Okawaru
  3734 | Temple   | 3734 ||| PLANNING D:1-11
  3809 | D:5      | 3809 ||| Stepping ~*~*~tactically~*~*~ (stealth).
  3899 | D:5      | 3899 ||| Stepping ~*~*~tactically~*~*~ (hiding).
  3909 | D:5      | HP: 13/52 [orc wizard/magic dart (10)]
  3910 | D:5      | 3910 ||| READING 2 scrolls of teleportation.
  3911 | D:5      | 3911 ||| DRINKING potion of heal wounds.
  4063 | D:5      | Reached XP level 9. HP: 45/56 MP: 9/9
  4352 | D:5      | 4352 ||| READING scroll labelled WELER QUKYAPOUTAGI.
  4353 | D:5      | 4353 ||| READING scroll labelled LEEBBE LEM KUNG.
  4353 | D:5      | Identified a scroll of acquirement
  4353 | D:5      | 4353 ||| ACQUIRING +6 ring of dexterity
  4353 | D:5      | Acquired a +6 ring of dexterity
  4355 | D:5      | 4355 ||| UPGRADING to +6 ring of dexterity.
  4416 | D:6      | 4416 ||| Stepping ~*~*~tactically~*~*~ (hiding).
  4420 | D:6      | 4420 ||| STAIRDANCE
  4526 | D:6      | 4526 ||| Stepping ~*~*~tactically~*~*~ (hiding).
  4668 | D:6      | Noticed Eustachio
  4677 | D:6      | Killed Eustachio
  4752 | D:6      | 4752 ||| Stepping ~*~*~tactically~*~*~ (stealth).
  4753 | D:6      | 4753 ||| Stepping ~*~*~tactically~*~*~ (stealth).
  4826 | D:6      | 4826 ||| READING 2 scrolls of enchant weapon.
  4826 | D:6      | 4826 ||| ENCHANTING +5 war axe of venom.
  4827 | D:6      | 4827 ||| READING scroll of enchant weapon.
  4827 | D:6      | 4827 ||| ENCHANTING +6 war axe of venom.
  4907 | D:6      | Found Xegugead's Antique Armour Emporium.
  4915 | D:6      | 4915 ||| SHOPLISTING glowing scale mail (210 gold, have
                  | 190).
  4915 | D:6      | 4915 ||| SHOPLISTING runed chain mail (225 gold, have 190).
  4915 | D:6      | 4915 ||| SHOPLISTING shiny plate armour (780 gold, have
                  | 190).
  5038 | D:6      | Reached skill level 9 in Axes
  5299 | D:6      | 5299 ||| DROPPING +1 ring mail of willpower.
  5300 | D:6      | 5300 ||| READING scroll labelled MATTAC JOUHEO.
  5301 | D:6      | 5301 ||| READING scroll labelled IHOPTIEPSI.
  5302 | D:6      | 5302 ||| READING 6 scrolls of identify.
  5302 | D:6      | 5302 ||| IDENTIFYING green potion
  5318 | D:7      | 5318 ||| PLANNING OSSUARY
  5338 | D:7      | Reached * piety under Okawaru
  5355 | D:7      | Reached skill level 1 in Invocations
  5387 | D:7      | 5387 ||| INVOKING Heroism.
  5426 | D:7      | 5426 ||| Stepping ~*~*~tactically~*~*~ (hiding).
  5429 | D:7      | 5429 ||| INVOKING Heroism.
  5437 | D:7      | Reached skill level 7 in Fighting
  5440 | D:7      | Reached skill level 3 in Invocations
  5460 | D:7      | Identified the +8 kite shield of Vexation {rC- rN+ Slay+6}
  5501 | D:7      | Found a sand-covered staircase.
  5502 | D:7      | 5502 ||| UPGRADING to +0 plate armour.
  5512 | D:7      | 5512 ||| DROPPING +0 chain mail.
  5513 | D:7      | 5513 ||| UPGRADING to +8 kite shield of Vexation {rC- rN+
                  | Slay+6}.
  5523 | D:7      | 5523 ||| DROPPING +0 buckler.
  5532 | Ossuary  | Entered an ossuary
  5542 | Ossuary  | 5542 ||| Stepping ~*~*~tactically~*~*~ (stealth).
  5563 | Ossuary  | 5563 ||| Stepping ~*~*~tactically~*~*~ (stealth).
  5573 | Ossuary  | 5573 ||| Stepping ~*~*~tactically~*~*~ (stealth).
  5612 | Ossuary  | 5612 ||| INVOKING Heroism.
  5693 | Ossuary  | Reached XP level 10. HP: 62/63 MP: 13/13
  5709 | Ossuary  | 5709 ||| INVOKING Heroism.
  5734 | Ossuary  | Reached ** piety under Okawaru
  5735 | Ossuary  | Reached skill level 6 in Shields
  5801 | Ossuary  | 5801 ||| Stepping ~*~*~tactically~*~*~ (stealth).
  5831 | Ossuary  | 5831 ||| READING scroll labelled SICEYNANEA.
  5890 | Ossuary  | 5890 ||| READING scroll labelled HIOLOS UPRET.
  5891 | Ossuary  | 5891 ||| READING 2 scrolls labelled RIRIAL QICLY.
  5892 | Ossuary  | 5892 ||| READING scroll labelled MATIUMUEMO.
  5893 | Ossuary  | 5893 ||| READING scroll labelled PINWIGRAYV.
  5894 | Ossuary  | 5894 ||| READING 7 scrolls of identify.
  5894 | Ossuary  | 5894 ||| IDENTIFYING black potion
  5895 | Ossuary  | 5895 ||| DROPPING scroll of vulnerability.
  5896 | Ossuary  | 5896 ||| DROPPING potion of berserk rage.
  5957 | D:7      | 5957 ||| PLANNING D:1-11
  5974 | D:7      | 5974 ||| INVOKING Heroism.
  6312 | D:7      | Found a basalt altar of Yredelemnul.
  6314 | D:7      | Noticed a profane servitor
  6327 | D:7      | Found a glowing golden altar of the Shining One.
  6329 | D:7      | Noticed an angel
  6465 | D:7      | 6465 ||| READING scroll labelled SOGRIRCH LEELUU.
  6472 | D:8      | 6472 ||| INVOKING Heroism.
  6474 | D:8      | 6474 ||| STAIRDANCE
  6500 | D:8      | You fall into a shaft and drop 3 floors!
  6550 | D:11     | 6550 ||| Stepping ~*~*~tactically~*~*~ (stealth).
  6558 | D:11     | 6558 ||| INVOKING Heroism.
  6560 | D:11     | Reached skill level 6 in Armour
  6565 | D:11     | Reached *** piety under Okawaru
  6567 | D:11     | Reached skill level 9 in Shields
  6606 | D:11     | Found a frozen archway.
  6678 | D:11     | 6678 ||| Stepping ~*~*~tactically~*~*~ (stealth).
  6679 | D:11     | 6679 ||| UPGRADING to ring of protection from fire.
  6682 | D:11     | 6682 ||| Stepping ~*~*~tactically~*~*~ (stealth).
  6685 | D:11     | 6685 ||| Stepping ~*~*~tactically~*~*~ (stealth).
  6727 | D:10     | Entered Level 10 of the Dungeon
  6740 | D:10     | 6740 ||| Stepping ~*~*~tactically~*~*~ (hiding).
  6766 | D:10     | 6766 ||| Stepping ~*~*~tactically~*~*~ (hiding).
  6896 | D:9      | 6896 ||| INVOKING Heroism.
  7227 | D:8      | Reached **** piety under Okawaru
  7438 | D:8      | 7438 ||| INVOKING Heroism.
  7650 | D:8      | 7650 ||| UPGRADING to +2 pair of boots.
  7660 | D:8      | 7660 ||| DROPPING +0 pair of boots.
  7661 | D:8      | 7661 ||| READING scroll labelled TOMMEKL MISA.
  7837 | D:9      | 7837 ||| Stepping ~*~*~tactically~*~*~ (stealth).
  7847 | D:9      | Reached XP level 11. HP: 67/67 MP: 14/14
  7873 | D:9      | Found a hazy altar of Hepliaklqana.
  7930 | D:9      | 7930 ||| INVOKING Heroism.
  7959 | D:9      | 7959 ||| INVOKING Heroism.
  8052 | D:9      | Found a shimmering altar of Xom.
  8826 | D:9      | 8826 ||| READING 9 scrolls of identify.
  8826 | D:9      | 8826 ||| IDENTIFYING glowing grey potion
  8891 | D:10     | 8891 ||| INVOKING Heroism.
  8940 | D:10     | 8940 ||| INVOKING Heroism.
  8945 | D:10     | Reached skill level 8 in Fighting
  8945 | D:10     | Reached skill level 6 in Invocations
  8956 | D:10     | Found an ancient bone altar of Kikubaaqudgha.
  8956 | D:10     | Found a blossoming altar of Fedhas.
  8993 | D:10     | 8993 ||| INVOKING Heroism.
  9013 | D:10     | 9013 ||| Stepping ~*~*~tactically~*~*~ (stealth).
  9062 | D:10     | 9062 ||| INVOKING Heroism.
  9074 | D:10     | 9074 ||| Stepping ~*~*~tactically~*~*~ (water).
  9079 | D:10     | Found a staircase to the Lair.
  9092 | D:10     | 9092 ||| Stepping ~*~*~tactically~*~*~ (water).
  9117 | D:10     | Identified the +2 pair of gloves "Zumaomor" {Dex+4}
  9305 | D:10     | 9305 ||| PLANNING LAIR
  9347 | Lair:1   | Entered Level 1 of the Lair of Beasts
  9355 | Lair:1   | Reached skill level 3 in Throwing
  9357 | Lair:1   | 9357 ||| INVOKING Heroism.
  9368 | Lair:1   | Received a gift from Okawaru
  9371 | Lair:1   | 9371 ||| Stepping ~*~*~tactically~*~*~ (stealth).
  9372 | Lair:1   | 9372 ||| Stepping ~*~*~tactically~*~*~ (stealth).
  9389 | Lair:1   | Reached ***** piety under Okawaru
  9436 | Lair:1   | Noticed a catoblepas
  9437 | Lair:1   | 9437 ||| INVOKING Heroism.
  9438 | Lair:1   | 9438 ||| INVOKING Finesse.
  9447 | Lair:1   | Killed a catoblepas
  9456 | Lair:1   | 9456 ||| Stepping ~*~*~tactically~*~*~ (stealth).
  9457 | Lair:1   | 9457 ||| Stepping ~*~*~tactically~*~*~ (stealth).
  9560 | Lair:1   | 9560 ||| INVOKING Heroism.
  9602 | Lair:1   | Received a gift from Okawaru
  9622 | Lair:1   | 9622 ||| Stepping ~*~*~tactically~*~*~ (hiding).
  9629 | Lair:1   | 9629 ||| INVOKING Heroism.
  9637 | Lair:1   | 9637 ||| Stepping ~*~*~tactically~*~*~ (stealth).
  9643 | Lair:1   | 9643 ||| Stepping ~*~*~tactically~*~*~ (stealth).
  9872 | Lair:1   | 9872 ||| INVOKING Heroism.
  9880 | Lair:1   | Reached XP level 12. HP: 60/73 MP: 16/18
  9892 | Lair:1   | 9892 ||| Stepping ~*~*~tactically~*~*~ (stealth).
  9893 | Lair:1   | 9893 ||| Stepping ~*~*~tactically~*~*~ (stealth).
  9896 | Lair:1   | 9896 ||| Stepping ~*~*~tactically~*~*~ (stealth).
  9900 | Lair:1   | 9900 ||| Stepping ~*~*~tactically~*~*~ (stealth).
  9988 | Lair:1   | 9988 ||| Stepping ~*~*~tactically~*~*~ (stealth).
  9989 | Lair:1   | 9989 ||| Stepping ~*~*~tactically~*~*~ (stealth).
  9991 | Lair:1   | 9991 ||| INVOKING Heroism.
 10000 | Lair:1   | Reached skill level 9 in Invocations
 10204 | Lair:1   | 10204 ||| UPGRADING to scarf of repulsion.
 10214 | Lair:1   | 10214 ||| READING 11 scrolls of identify.
 10214 | Lair:1   | 10214 ||| IDENTIFYING metallic green potion
 10215 | Lair:1   | 10215 ||| READING 10 scrolls of identify.
 10215 | Lair:1   | 10215 ||| IDENTIFYING bubbling coppery potion
 10216 | Lair:1   | 10216 ||| READING 9 scrolls of identify.
 10216 | Lair:1   | 10216 ||| IDENTIFYING glowing yellow potion
 10217 | Lair:1   | 10217 ||| DROPPING potion of ambrosia.
 10343 | Lair:2   | 10343 ||| READING scroll of enchant armour.
 10343 | Lair:2   | 10343 ||| ENCHANTING +0 plate armour.
 10376 | Lair:2   | 10376 ||| Stepping ~*~*~tactically~*~*~ (stealth).
 10378 | Lair:2   | 10378 ||| Stepping ~*~*~tactically~*~*~ (stealth).
 10385 | Lair:2   | 10385 ||| FLEEEEING.
 10386 | Lair:2   | 10386 ||| INVOKING Heroism.
 10392 | Lair:2   | Received a gift from Okawaru
 10527 | Lair:2   | 10527 ||| Stepping ~*~*~tactically~*~*~ (hiding).
 10534 | Lair:2   | Received a gift from Okawaru
 10534 | Lair:2   | Found the +8 orange crystal plate armour {Archmagi, Int+3
                  | Clar}
 10637 | Lair:2   | 10637 ||| Stepping ~*~*~tactically~*~*~ (hiding).
 10638 | Lair:2   | 10638 ||| INVOKING Heroism.
 10703 | Lair:2   | Found a staircase to the Swamp.
 10704 | Lair:2   | 10704 ||| INVOKING Heroism.
 10762 | Lair:2   | 10762 ||| Stepping ~*~*~tactically~*~*~ (stealth).
 10770 | Lair:2   | 10770 ||| FLEEEEING.
 10772 | Lair:2   | 10772 ||| INVOKING Heroism.
 10824 | Lair:2   | 10824 ||| Stepping ~*~*~tactically~*~*~ (stealth).
 10826 | Lair:2   | 10826 ||| INVOKING Heroism.
 11038 | Lair:2   | Noticed a boulder beetle
 11039 | Lair:2   | 11039 ||| INVOKING Heroism.
 11040 | Lair:2   | 11040 ||| INVOKING Finesse.
 11046 | Lair:2   | Killed a boulder beetle
 11047 | Lair:2   | Reached skill level 9 in Fighting
 11392 | Lair:2   | 11392 ||| UPGRADING to +8 orange crystal plate armour
                  | {Archmagi, Int+3 Clar}.
 11402 | Lair:2   | 11402 ||| DROPPING +1 plate armour.
 11427 | Lair:3   | 11427 ||| PLANNING GAUNTLET
 11430 | Lair:3   | 11430 ||| STAIRDANCE
 11439 | Lair:3   | 11439 ||| STAIRDANCE
 11497 | Lair:3   | 11497 ||| Stepping ~*~*~tactically~*~*~ (stealth).
 11499 | Lair:3   | 11499 ||| Stepping ~*~*~tactically~*~*~ (stealth).
 11501 | Lair:3   | 11501 ||| Stepping ~*~*~tactically~*~*~ (stealth).
 11507 | Lair:3   | 11507 ||| INVOKING Heroism.
 11597 | Lair:3   | 11597 ||| Stepping ~*~*~tactically~*~*~ (stealth).
 11598 | Lair:3   | 11598 ||| INVOKING Heroism.
 11599 | Lair:3   | 11599 ||| Stepping ~*~*~tactically~*~*~ (stealth).
 11611 | Lair:3   | Reached skill level 9 in Armour
 11666 | Lair:3   | Noticed a death yak
 11667 | Lair:3   | 11667 ||| INVOKING Heroism.
 11668 | Lair:3   | 11668 ||| INVOKING Finesse.
 11675 | Lair:3   | Killed a death yak
 11714 | Lair:3   | Noticed a death yak
 11719 | Lair:3   | Noticed a death yak
 11720 | Lair:3   | Killed a death yak
 11720 | Lair:3   | Noticed a death yak
 11726 | Lair:3   | Killed a death yak
 11727 | Lair:3   | 11727 ||| INVOKING Finesse.
 11731 | Lair:3   | Killed a death yak
 11732 | Lair:3   | Reached XP level 13. HP: 75/80 MP: 14/20
 11776 | Lair:3   | 11776 ||| Stepping ~*~*~tactically~*~*~ (stealth).
 11797 | Lair:3   | 11797 ||| Stepping ~*~*~tactically~*~*~ (hiding).
 11798 | Lair:3   | 11798 ||| Stepping ~*~*~tactically~*~*~ (hiding).
 11799 | Lair:3   | 11799 ||| Stepping ~*~*~tactically~*~*~ (hiding).
 11800 | Lair:3   | 11800 ||| Stepping ~*~*~tactically~*~*~ (hiding).
 11811 | Lair:3   | Found a staircase to the Snake Pit.
 11818 | Lair:3   | 11818 ||| INVOKING Heroism.
 11830 | Lair:3   | Found a gate leading to a gauntlet.
 11831 | Lair:3   | 11831 ||| UPGRADING to +0 helmet.
 11844 | Gauntlet | Entered a Gauntlet
 11844 | Gauntlet | Found a transporter.
 11844 | Gauntlet | Found a transporter.
 11848 | Gauntlet | Found a transporter.
 11848 | Gauntlet | Found a transporter.
 11858 | Gauntlet | Found a transporter.
 11867 | Gauntlet | Noticed a green death
 11868 | Gauntlet | Found a transporter.
 11868 | Gauntlet | Found a transporter.
 11892 | Gauntlet | Found a transporter.
 11899 | Gauntlet | Found a transporter.
 11915 | Gauntlet | Found a transporter.
 11953 | Gauntlet | Found a transporter.
 11999 | Gauntlet | Found a transporter.
 12015 | Gauntlet | Found a transporter.
 12104 | Gauntlet | Found a transporter.
 12114 | Gauntlet | Found a transporter.
 12132 | Gauntlet | Found a transporter.
 12241 | Gauntlet | 12241 ||| DROPPING scarf of harm.
 12258 | Gauntlet | 12258 ||| Stepping randomly (stuck).
 12287 | Gauntlet | 12287 ||| UPGRADING to scarf of resistance.
 12297 | Gauntlet | 12297 ||| UPGRADING to +6 ring of dexterity.
 12319 | Gauntlet | Killed a green death
 12330 | Gauntlet | Identified the ring of Fyhaelusch {rPois rC+ rN+ MP+9
                  | Str+4}
 12332 | Gauntlet | 12332 ||| DROPPING ring of positive energy.
 12333 | Gauntlet | 12333 ||| UPGRADING to ring of Fyhaelusch {rPois rC+ rN+
                  | MP+9 Str+4}.
 12377 | Gauntlet | 12377 ||| UPGRADING to ring of see invisible.
 12392 | Gauntlet | Noticed a minotaur
 12393 | Gauntlet | 12393 ||| INVOKING Heroism.
 12394 | Gauntlet | 12394 ||| INVOKING Finesse.
 12406 | Gauntlet | Killed a minotaur
 12571 | Gauntlet | 12571 ||| READING scroll of enchant weapon.
 12571 | Gauntlet | 12571 ||| ENCHANTING +7 spectral war axe.
 12609 | Lair:3   | 12609 ||| PLANNING LAIR
 12653 | Lair:3   | 12653 ||| Stepping ~*~*~tactically~*~*~ (stealth).
 12655 | Lair:3   | 12655 ||| Stepping ~*~*~tactically~*~*~ (stealth).
 12715 | Lair:3   | 12715 ||| INVOKING Heroism.
 12720 | Lair:3   | Reached skill level 12 in Axes
 12797 | Lair:3   | 12797 ||| Stepping ~*~*~tactically~*~*~ (stealth).
 12799 | Lair:3   | 12799 ||| Stepping ~*~*~tactically~*~*~ (stealth).
 12800 | Lair:3   | 12800 ||| INVOKING Heroism.
 12964 | Lair:3   | 12964 ||| INVOKING Heroism.
 13023 | Lair:3   | 13023 ||| INVOKING Heroism.
 13035 | Lair:3   | 13035 ||| INVOKING Heroism.
 13043 | Lair:3   | Identified the +5 trident "Milit" {spect, *Corrode rC+
                  | Int+7} (Okawaru gifted it to you on level 3 of the Lair of
                  | Beasts)
 13043 | Lair:3   | Received a gift from Okawaru
 13056 | Lair:3   | 13056 ||| INVOKING Heroism.
 13308 | Lair:4   | 13308 ||| Stepping ~*~*~tactically~*~*~ (stealth).
 13311 | Lair:4   | 13311 ||| Stepping ~*~*~tactically~*~*~ (stealth).
 13312 | Lair:4   | 13312 ||| INVOKING Heroism.
 13330 | Lair:4   | Reached skill level 10 in Fighting
 13354 | Lair:4   | 13354 ||| INVOKING Heroism.
 13473 | Lair:4   | 13473 ||| INVOKING Heroism.
 13644 | Lair:4   | 13644 ||| Stepping ~*~*~tactically~*~*~ (stealth).
 13648 | Lair:4   | 13648 ||| Stepping ~*~*~tactically~*~*~ (stealth).
 13694 | Lair:4   | 13694 ||| INVOKING Heroism.
 13699 | Lair:4   | Received a gift from Okawaru
 13736 | Lair:4   | 13736 ||| Stepping ~*~*~tactically~*~*~ (hiding).
 14030 | Lair:4   | Found a runed translucent gate.
 14031 | Lair:4   | Found a runed translucent gate.
 14031 | Lair:4   | Noticed Laummuim's ghost (journeyman FeFi)
 14032 | Lair:4   | Found a runed translucent gate.
 14053 | Lair:4   | Found a staircase to the Slime Pits.
 14054 | Lair:4   | Found a viscous altar of Jiyva.
 14398 | Lair:5   | Entered Level 5 of the Lair of Beasts
 14399 | Lair:5   | 14399 ||| INVOKING Heroism.
 14407 | Lair:5   | 14407 ||| INVOKING Finesse.
 14414 | Lair:5   | 14414 ||| SWAPPING to +3 flail.
 14417 | Lair:5   | 14417 ||| Stepping ~*~*~tactically~*~*~ (water).
 14424 | Lair:5   | Received a gift from Okawaru
 14425 | Lair:5   | 14425 ||| SWAPPING to +8 spectral war axe.
 14515 | Lair:5   | Gained mutation: Your large and strong wings let you fly.
                  | [Gargoyle growth]
 14515 | Lair:5   | Reached XP level 14. HP: 85/88 MP: 21/21
 14723 | Lair:5   | 14723 ||| Stepping ~*~*~tactically~*~*~ (stealth).
 14730 | Lair:5   | 14730 ||| Stepping ~*~*~tactically~*~*~ (stealth).
 14755 | Lair:5   | 14755 ||| Stepping ~*~*~tactically~*~*~ (hiding).
 14757 | Lair:5   | 14757 ||| Stepping ~*~*~tactically~*~*~ (hiding).
 14758 | Lair:5   | 14758 ||| Stepping ~*~*~tactically~*~*~ (hiding).
 14759 | Lair:5   | 14759 ||| Stepping ~*~*~tactically~*~*~ (hiding).
 14796 | Lair:5   | 14796 ||| Stepping ~*~*~tactically~*~*~ (stealth).
 14805 | Lair:5   | 14805 ||| Stepping ~*~*~tactically~*~*~ (stealth).
 14833 | Lair:5   | 14833 ||| Stepping ~*~*~tactically~*~*~ (stealth).
 14840 | Lair:5   | 14840 ||| Stepping ~*~*~tactically~*~*~ (stealth).
 14843 | Lair:5   | 14843 ||| Stepping ~*~*~tactically~*~*~ (stealth).
 14854 | Lair:5   | Reached skill level 12 in Armour
 14868 | Lair:5   | 14868 ||| INVOKING Heroism.
 14951 | Lair:5   | 14951 ||| Stepping ~*~*~tactically~*~*~ (stealth).
 14966 | Lair:5   | 14966 ||| Stepping ~*~*~tactically~*~*~ (stealth).
 14967 | Lair:5   | 14967 ||| Stepping ~*~*~tactically~*~*~ (stealth).
 14969 | Lair:5   | 14969 ||| Stepping ~*~*~tactically~*~*~ (stealth).
 14974 | Lair:5   | 14974 ||| Stepping ~*~*~tactically~*~*~ (hiding).
 15139 | Lair:5   | 15139 ||| Stepping ~*~*~tactically~*~*~ (hiding).
 15186 | Lair:5   | 15186 ||| INVOKING Heroism.
 15381 | Lair:5   | Found a corrupted altar of Lugonu.
 15383 | Lair:5   | Found a one-way gate to the infinite horrors of the Abyss.
 15396 | Lair:5   | 15396 ||| READING scroll of enchant weapon.
 15396 | Lair:5   | 15396 ||| ENCHANTING +8 spectral war axe.
 15399 | Lair:5   | Identified the +9 trident of Ohucs {vorpal, rPois rC++
                  | Str+3 Int-2}
 15579 | Lair:5   | 15579 ||| INVOKING Heroism.
 15580 | Lair:5   | 15580 ||| Stepping ~*~*~tactically~*~*~ (stealth).
 15581 | Lair:5   | 15581 ||| INVOKING Finesse.
 15582 | Lair:5   | 15582 ||| Stepping ~*~*~tactically~*~*~ (stealth).
 15583 | Lair:5   | 15583 ||| Stepping ~*~*~tactically~*~*~ (stealth).
 15589 | Lair:5   | 15589 ||| Stepping ~*~*~tactically~*~*~ (stealth).
 15604 | Lair:5   | Received a gift from Okawaru
 15605 | Lair:5   | Reached skill level 11 in Fighting
 15723 | Lair:5   | 15723 ||| DROPPING +3 flail.
 16086 | Lair:5   | 16086 ||| Stepping ~*~*~tactically~*~*~ (stealth).
 16106 | Lair:5   | 16106 ||| INVOKING Heroism.
 16107 | Lair:5   | 16107 ||| INVOKING Finesse.
 16119 | Lair:5   | 16119 ||| SWAPPING to +8 vorpal flail.
 16123 | Lair:5   | 16123 ||| INVOKING Heroism.
 16126 | Lair:5   | 16126 ||| SWAPPING to +9 spectral war axe.
 16227 | Lair:5   | 16227 ||| Stepping ~*~*~tactically~*~*~ (stealth).
 16308 | Lair:5   | 16308 ||| PLANNING D:1-11
 16308 | Lair:5   | 16308 ||| DROPPING amulet of magic regeneration.
 16449 | D:11     | 16449 ||| Stepping ~*~*~tactically~*~*~ (stealth).
 16450 | D:11     | 16450 ||| Stepping ~*~*~tactically~*~*~ (stealth).
 16454 | D:11     | 16454 ||| INVOKING Heroism.
 16455 | D:11     | Noticed Erica
 16456 | D:11     | 16456 ||| Stepping ~*~*~tactically~*~*~ (hiding).
 16458 | D:11     | 16458 ||| Stepping ~*~*~tactically~*~*~ (stealth).
 16468 | D:11     | 16468 ||| INVOKING Finesse.
 16473 | D:11     | Killed Erica
 16475 | D:11     | 16475 ||| Stepping ~*~*~tactically~*~*~ (stealth).
 16496 | D:11     | 16496 ||| Stepping ~*~*~tactically~*~*~ (stealth).
 16513 | D:11     | 16513 ||| INVOKING Heroism.
 16516 | D:11     | Found a staircase to the Orcish Mines.
 16544 | D:11     | 16544 ||| INVOKING Heroism.
 16577 | D:11     | 16577 ||| Stepping ~*~*~tactically~*~*~ (stealth).
 16580 | D:11     | 16580 ||| INVOKING Heroism.
 16581 | D:11     | 16581 ||| INVOKING Finesse.
 16705 | D:11     | 16705 ||| Stepping ~*~*~tactically~*~*~ (hiding).
 16975 | D:11     | 16975 ||| PLANNING D
 16975 | D:11     | 16975 ||| UPGRADING to amulet of the acrobat.
 17010 | D:12     | 17010 ||| Stepping ~*~*~tactically~*~*~ (stealth).
 17015 | D:12     | 17015 ||| FLEEEEING.
 17016 | D:12     | 17016 ||| STAIRDANCE
 17123 | D:12     | 17123 ||| STAIRDANCE
 17210 | D:12     | 17210 ||| STAIRDANCE
 17215 | D:12     | 17215 ||| Stepping ~*~*~tactically~*~*~ (hiding).
 17216 | D:12     | 17216 ||| Stepping ~*~*~tactically~*~*~ (hiding).
 17220 | D:12     | 17220 ||| STAIRDANCE
 17324 | D:12     | Noticed Psyche
 17326 | D:12     | 17326 ||| STAIRDANCE
 17330 | D:11     | Killed Psyche
 17330 | D:11     | Received a gift from Okawaru
 17336 | D:12     | 17336 ||| STAIRDANCE
 17364 | D:12     | 17364 ||| Stepping ~*~*~tactically~*~*~ (hiding).
 17432 | D:12     | 17432 ||| Stepping ~*~*~tactically~*~*~ (stealth).
 17460 | D:12     | Reached skill level 12 in Shields
 17467 | D:12     | 17467 ||| FLEEEEING.
 17468 | D:12     | 17468 ||| FLEEEEING.
 17469 | D:12     | 17469 ||| FLEEEEING.
 17470 | D:12     | 17470 ||| FLEEEEING.
 17471 | D:12     | 17471 ||| FLEEEEING.
 17472 | D:12     | 17472 ||| FLEEEEING.
 17473 | D:12     | 17473 ||| FLEEEEING.
 17474 | D:12     | 17474 ||| FLEEEEING.
 17475 | D:12     | 17475 ||| FLEEEEING.
 17477 | D:12     | 17477 ||| INVOKING Heroism.
 17478 | D:12     | 17478 ||| Stepping ~*~*~tactically~*~*~ (hiding).
 17479 | D:12     | 17479 ||| Stepping ~*~*~tactically~*~*~ (hiding).
 17480 | D:12     | 17480 ||| INVOKING Finesse.
 17968 | D:12     | 17968 ||| READING 14 scrolls of identify.
 17968 | D:12     | 17968 ||| IDENTIFYING fuming cyan potion
 18054 | D:13     | 18054 ||| DROPPING +2 flail of distortion.
 18111 | D:13     | 18111 ||| INVOKING Heroism.
 18112 | D:13     | 18112 ||| INVOKING Finesse.
 18120 | D:13     | Reached XP level 15. HP: 94/94 MP: 22/22
 18276 | D:13     | Found a gate to the Vaults.
 18310 | D:13     | Received a gift from Okawaru
 18315 | D:13     | 18315 ||| INVOKING Heroism.
 19136 | D:14     | 19136 ||| Stepping ~*~*~tactically~*~*~ (hiding).
 19138 | D:14     | 19138 ||| Stepping ~*~*~tactically~*~*~ (hiding).
 19142 | D:14     | 19142 ||| Stepping ~*~*~tactically~*~*~ (hiding).
 19144 | D:14     | 19144 ||| INVOKING Heroism.
 19318 | D:14     | Noticed Nessos
 19319 | D:14     | 19319 ||| INVOKING Finesse.
 19321 | D:14     | 19321 ||| INVOKING Heroism.
 19323 | D:14     | 19323 ||| Stepping ~*~*~tactically~*~*~ (hiding).
 19335 | D:14     | 19335 ||| Stepping ~*~*~tactically~*~*~ (hiding).
 19336 | D:14     | 19336 ||| Stepping ~*~*~tactically~*~*~ (hiding).
 19339 | D:14     | Reached skill level 15 in Axes
 19345 | D:14     | Killed Nessos
 19525 | D:14     | 19525 ||| INVOKING Heroism.
 19826 | D:14     | Found Bockun's Firing Range.
 19833 | D:14     | 19833 ||| INVOKING Heroism.
 19836 | D:14     | Reached skill level 12 in Fighting
 19977 | D:14     | Identified Roxanne's Secrets of Moulding
 19977 | D:14     | Noticed Roxanne
 19978 | D:14     | 19978 ||| INVOKING Heroism.
 19979 | D:14     | 19979 ||| INVOKING Finesse.
 19983 | D:14     | Noticed Jorgrun
 19995 | D:14     | Killed Jorgrun
 19996 | D:14     | Reached skill level 6 in Throwing
 19999 | D:14     | Killed Roxanne
 20146 | D:14     | 20146 ||| Stepping ~*~*~tactically~*~*~ (stealth).
 20151 | D:14     | 20151 ||| INVOKING Heroism.
 20153 | D:14     | 20153 ||| READING 5 scrolls of teleportation.
 20155 | D:14     | 20155 ||| Stepping ~*~*~tactically~*~*~ (stealth).
 20378 | D:14     | 20378 ||| Stepping ~*~*~tactically~*~*~ (stealth).
 20381 | D:14     | 20381 ||| INVOKING Heroism.
 20383 | D:14     | 20383 ||| READING 4 scrolls of teleportation.
 20448 | D:14     | Found a portal to a secret trove of treasure.
 20530 | D:14     | 20530 ||| Stepping ~*~*~tactically~*~*~ (stealth).
 20536 | D:14     | 20536 ||| INVOKING Heroism.
 20538 | D:14     | 20538 ||| READING 3 scrolls of teleportation.
 20645 | D:15     | Entered Level 15 of the Dungeon
 20648 | D:15     | 20648 ||| INVOKING Heroism.
 20650 | D:15     | 20650 ||| STAIRDANCE
 20671 | D:15     | 20671 ||| Stepping ~*~*~tactically~*~*~ (hiding).
 20672 | D:15     | 20672 ||| Stepping ~*~*~tactically~*~*~ (hiding).
 20800 | D:15     | 20800 ||| Stepping ~*~*~tactically~*~*~ (hiding).
 20801 | D:15     | 20801 ||| Stepping ~*~*~tactically~*~*~ (hiding).
 20815 | D:15     | Identified the +9 plate armour "Tihiun" {Drain Fly Str+4}
                  | (Okawaru gifted it to you on level 15 of the Dungeon)
 20815 | D:15     | Received a gift from Okawaru
 20954 | D:15     | 20954 ||| Stepping ~*~*~tactically~*~*~ (stealth).
 20955 | D:15     | 20955 ||| INVOKING Heroism.
 20979 | D:15     | 20979 ||| Stepping ~*~*~tactically~*~*~ (stealth).
 20988 | D:15     | Found a staircase to the Depths.
 21217 | D:15     | 21217 ||| Stepping ~*~*~tactically~*~*~ (hiding).
 21220 | D:15     | 21220 ||| Stepping ~*~*~tactically~*~*~ (stealth).
 21222 | D:15     | 21222 ||| INVOKING Heroism.
 21267 | D:15     | 21267 ||| INVOKING Heroism.
 21511 | D:15     | 21511 ||| INVOKING Heroism.
 21512 | D:15     | 21512 ||| INVOKING Finesse.
 21517 | D:15     | 21517 ||| SWAPPING to +8 vorpal flail.
 21522 | D:15     | 21522 ||| SWAPPING to +9 spectral war axe.
 21561 | D:15     | Found Guecs's Gadget Gallery.
 21581 | D:15     | 21581 ||| Stepping ~*~*~tactically~*~*~ (hiding).
 21584 | D:15     | 21584 ||| Stepping ~*~*~tactically~*~*~ (hiding).
 21587 | D:15     | 21587 ||| INVOKING Heroism.
 21734 | D:15     | 21734 ||| PLANNING ORC
 21825 | Orc:1    | Entered Level 1 of the Orcish Mines
 21831 | Orc:1    | 21831 ||| INVOKING Heroism.
 21839 | Orc:1    | Reached XP level 16. HP: 101/101 MP: 23/23
 22012 | Orc:1    | 22012 ||| Stepping ~*~*~tactically~*~*~ (hiding).
 22013 | Orc:1    | 22013 ||| Stepping ~*~*~tactically~*~*~ (hiding).
 22202 | Orc:2    | Entered Level 2 of the Orcish Mines
 22202 | Orc:2    | Found Qugah's Antique Armour Boutique.
 22203 | Orc:2    | 22203 ||| STAIRDANCE
 22321 | Orc:2    | 22321 ||| INVOKING Heroism.
 22322 | Orc:2    | 22322 ||| INVOKING Finesse.
 22423 | Orc:2    | Found Muhoriaff's General Store.
 22436 | Orc:2    | 22436 ||| BUYING potion of haste (130 gold).
 22436 | Orc:2    | Bought a potion of haste for 130 gold pieces
 22436 | Orc:2    | 22436 ||| BUYING potion of heal wounds (65 gold).
 22436 | Orc:2    | Bought a potion of heal wounds for 65 gold pieces
 22449 | Orc:2    | 22449 ||| Stepping ~*~*~tactically~*~*~ (stealth).
 22488 | Orc:2    | 22488 ||| INVOKING Heroism.
 22489 | Orc:2    | 22489 ||| INVOKING Finesse.
 22499 | Orc:2    | Found Quapam's Book Shop.
 22608 | Orc:2    | 22608 ||| Stepping ~*~*~tactically~*~*~ (hiding).
 22610 | Orc:2    | 22610 ||| Stepping ~*~*~tactically~*~*~ (hiding).
 22677 | Orc:2    | Noticed Saint Roka
 22678 | Orc:2    | 22678 ||| Stepping ~*~*~tactically~*~*~ (stealth).
 22687 | Orc:2    | 22687 ||| INVOKING Heroism.
 22688 | Orc:2    | 22688 ||| INVOKING Finesse.
 22711 | Orc:2    | Killed Saint Roka
 22713 | Orc:2    | Received a gift from Okawaru
 22715 | Orc:2    | 22715 ||| Stepping ~*~*~tactically~*~*~ (stealth).
 22717 | Orc:2    | 22717 ||| Stepping ~*~*~tactically~*~*~ (stealth).
 22721 | Orc:2    | 22721 ||| Stepping ~*~*~tactically~*~*~ (stealth).
 22722 | Orc:2    | 22722 ||| Stepping ~*~*~tactically~*~*~ (stealth).
 22723 | Orc:2    | 22723 ||| Stepping ~*~*~tactically~*~*~ (stealth).
 22900 | Orc:2    | Found Josunatz's Antique Weapon Emporium.
 23084 | Orc:2    | Found an iron altar of Okawaru.
 23091 | Orc:2    | Found a staircase to the Elven Halls.
 23360 | Orc:1    | 23360 ||| INVOKING Heroism.
 23445 | Orc:1    | 23445 ||| Stepping ~*~*~tactically~*~*~ (hiding).
 23449 | Orc:1    | 23449 ||| INVOKING Heroism.
 23554 | Orc:1    | 23554 ||| PLANNING SNAKE:1-3
 23700 | Snake:1  | Entered Level 1 of the Snake Pit
 23705 | Snake:1  | 23705 ||| Stepping ~*~*~tactically~*~*~ (hiding).
 23710 | Snake:1  | 23710 ||| INVOKING Heroism.
 23871 | Snake:1  | Received a gift from Okawaru
 23935 | Snake:1  | 23935 ||| Stepping ~*~*~tactically~*~*~ (hiding).
 23939 | Snake:1  | 23939 ||| Stepping ~*~*~tactically~*~*~ (hiding).
 23948 | Snake:1  | 23948 ||| INVOKING Heroism.
 23965 | Snake:1  | 23965 ||| DROPPING +8 vorpal flail.
 24026 | Snake:1  | 24026 ||| Stepping ~*~*~tactically~*~*~ (hiding).
 24027 | Snake:1  | 24027 ||| Stepping ~*~*~tactically~*~*~ (hiding).
 24028 | Snake:1  | 24028 ||| Stepping ~*~*~tactically~*~*~ (hiding).
 24037 | Snake:1  | Reached skill level 15 in Armour
 24071 | Snake:1  | 24071 ||| Stepping ~*~*~tactically~*~*~ (stealth).
 24076 | Snake:1  | Received a gift from Okawaru
 24080 | Snake:1  | 24080 ||| Stepping ~*~*~tactically~*~*~ (hiding).
 24082 | Snake:1  | 24082 ||| Stepping ~*~*~tactically~*~*~ (hiding).
 24087 | Snake:1  | 24087 ||| INVOKING Heroism.
 24114 | Snake:1  | 24114 ||| DROPPING +4 war axe of venom.
 24122 | Snake:1  | 24122 ||| Stepping ~*~*~tactically~*~*~ (hiding).
 24124 | Snake:1  | 24124 ||| Stepping ~*~*~tactically~*~*~ (hiding).
 24125 | Snake:1  | 24125 ||| Stepping ~*~*~tactically~*~*~ (hiding).
 24129 | Snake:1  | 24129 ||| INVOKING Heroism.
 24150 | Snake:1  | HP: 14/103 [naga/+0 glaive (18)]
 24151 | Snake:1  | Reached skill level 13 in Fighting
 24151 | Snake:1  | 24151 ||| READING 2 scrolls of teleportation.
 24152 | Snake:1  | 24152 ||| DRINKING 11 potions of heal wounds.
 24183 | Snake:1  | 24183 ||| Stepping ~*~*~tactically~*~*~ (hiding).
 24185 | Snake:1  | 24185 ||| Stepping ~*~*~tactically~*~*~ (hiding).
 24190 | Snake:1  | 24190 ||| INVOKING Heroism.
 24199 | Snake:1  | 24199 ||| Stepping ~*~*~tactically~*~*~ (hiding).
 24253 | Snake:1  | 24253 ||| INVOKING Heroism.
 24471 | Snake:1  | Noticed Aizul
 24472 | Snake:1  | 24472 ||| INVOKING Heroism.
 24473 | Snake:1  | 24473 ||| INVOKING Finesse.
 24491 | Snake:1  | Killed Aizul
 24612 | Snake:1  | 24612 ||| INVOKING Heroism.
 24616 | Snake:1  | Reached skill level 3 in Dodging
 24626 | Snake:1  | Received a gift from Okawaru
 25048 | Snake:1  | 25048 ||| DROPPING +6 ring of dexterity.
 25087 | Snake:2  | 25087 ||| Stepping ~*~*~tactically~*~*~ (hiding).
 25275 | Snake:2  | 25275 ||| Stepping ~*~*~tactically~*~*~ (hiding).
 25290 | Snake:2  | 25290 ||| INVOKING Heroism.
 25432 | Snake:2  | 25432 ||| Stepping ~*~*~tactically~*~*~ (hiding).
 25439 | Snake:2  | 25439 ||| INVOKING Heroism.
 25442 | Snake:2  | Received a gift from Okawaru
 25448 | Snake:2  | Noticed Vashnia
 25449 | Snake:2  | 25449 ||| Stepping ~*~*~tactically~*~*~ (hiding).
 25456 | Snake:2  | 25456 ||| INVOKING Finesse.
 25466 | Snake:2  | Killed Vashnia
 25858 | Snake:2  | Reached XP level 17. HP: 99/109 MP: 24/24
 25908 | Snake:2  | 25908 ||| Stepping ~*~*~tactically~*~*~ (hiding).
 25910 | Snake:2  | Noticed Frances
 25911 | Snake:2  | 25911 ||| INVOKING Heroism.
 25912 | Snake:2  | 25912 ||| INVOKING Finesse.
 25915 | Snake:2  | Received a gift from Okawaru
 25932 | Snake:2  | Killed Frances
 26028 | Snake:2  | 26028 ||| INVOKING Heroism.
 26092 | Snake:2  | 26092 ||| Stepping ~*~*~tactically~*~*~ (hiding).
 26097 | Snake:2  | 26097 ||| Stepping ~*~*~tactically~*~*~ (hiding).
 26098 | Snake:2  | 26098 ||| Stepping ~*~*~tactically~*~*~ (hiding).
 26270 | Snake:2  | Found a runed translucent door.
 26270 | Snake:2  | Found a shimmering altar of Xom.
 26270 | Snake:2  | Noticed Sokuv's ghost (adept DECj)
 26449 | Snake:2  | 26449 ||| DROPPING +2 pair of boots of flying.
 26489 | Snake:3  | 26489 ||| INVOKING Heroism.
 26502 | Snake:3  | Reached skill level 14 in Fighting
 26722 | Snake:3  | 26722 ||| Stepping ~*~*~tactically~*~*~ (hiding).
 26724 | Snake:3  | 26724 ||| Stepping ~*~*~tactically~*~*~ (hiding).
 26727 | Snake:3  | 26727 ||| Stepping ~*~*~tactically~*~*~ (hiding).
 26730 | Snake:3  | 26730 ||| INVOKING Heroism.
 26809 | Snake:3  | 26809 ||| Stepping ~*~*~tactically~*~*~ (hiding).
 26810 | Snake:3  | 26810 ||| Stepping ~*~*~tactically~*~*~ (hiding).
 26906 | Snake:3  | 26906 ||| Stepping ~*~*~tactically~*~*~ (hiding).
 26907 | Snake:3  | 26907 ||| Stepping ~*~*~tactically~*~*~ (hiding).
 26910 | Snake:3  | 26910 ||| INVOKING Heroism.
 26917 | Snake:3  | 26917 ||| Stepping ~*~*~tactically~*~*~ (stealth).
 26919 | Snake:3  | 26919 ||| Stepping ~*~*~tactically~*~*~ (stealth).
 26920 | Snake:3  | 26920 ||| Stepping ~*~*~tactically~*~*~ (stealth).
 26921 | Snake:3  | 26921 ||| Stepping ~*~*~tactically~*~*~ (stealth).
 26922 | Snake:3  | 26922 ||| Stepping ~*~*~tactically~*~*~ (stealth).
 26984 | Snake:3  | 26984 ||| Stepping ~*~*~tactically~*~*~ (hiding).
 26986 | Snake:3  | 26986 ||| Stepping ~*~*~tactically~*~*~ (hiding).
 26990 | Snake:3  | 26990 ||| INVOKING Heroism.
 26995 | Snake:3  | 26995 ||| Stepping ~*~*~tactically~*~*~ (hiding).
 26997 | Snake:3  | 26997 ||| Stepping ~*~*~tactically~*~*~ (hiding).
 27105 | Snake:3  | 27105 ||| Stepping ~*~*~tactically~*~*~ (hiding).
 27277 | Snake:3  | 27277 ||| INVOKING Heroism.
 27584 | Snake:3  | 27584 ||| PLANNING SWAMP:1-3
 27584 | Snake:3  | 27584 ||| UPGRADING to +2 helmet.
 27594 | Snake:3  | 27594 ||| DROPPING +0 helmet.
 27595 | Snake:3  | 27595 ||| READING 17 scrolls of identify.
 27595 | Snake:3  | 27595 ||| IDENTIFYING grey potion
 27727 | Swamp:1  | Entered Level 1 of the Swamp
 27818 | Swamp:1  | 27818 ||| Stepping ~*~*~tactically~*~*~ (hiding).
 27819 | Swamp:1  | 27819 ||| INVOKING Heroism.
 27835 | Swamp:1  | 27835 ||| SWAPPING to +1 war axe of flaming.
 27839 | Swamp:1  | 27839 ||| SWAPPING to +9 spectral war axe.
 27873 | Swamp:1  | 27873 ||| INVOKING Heroism.
 27880 | Swamp:1  | Reached skill level 15 in Fighting
 27894 | Swamp:1  | 27894 ||| Stepping ~*~*~tactically~*~*~ (stealth).
 27895 | Swamp:1  | 27895 ||| Stepping ~*~*~tactically~*~*~ (stealth).
 27896 | Swamp:1  | 27896 ||| Stepping ~*~*~tactically~*~*~ (stealth).
 27897 | Swamp:1  | 27897 ||| Stepping ~*~*~tactically~*~*~ (stealth).
 27898 | Swamp:1  | 27898 ||| Stepping ~*~*~tactically~*~*~ (stealth).
 27899 | Swamp:1  | 27899 ||| Stepping ~*~*~tactically~*~*~ (stealth).
 27909 | Swamp:1  | 27909 ||| Stepping ~*~*~tactically~*~*~ (stealth).
 27910 | Swamp:1  | 27910 ||| Stepping ~*~*~tactically~*~*~ (stealth).
 27912 | Swamp:1  | 27912 ||| Stepping ~*~*~tactically~*~*~ (stealth).
 27914 | Swamp:1  | 27914 ||| Stepping ~*~*~tactically~*~*~ (stealth).
 27921 | Swamp:1  | 27921 ||| Stepping ~*~*~tactically~*~*~ (stealth).
 27951 | Swamp:1  | 27951 ||| Stepping ~*~*~tactically~*~*~ (stealth).
 27963 | Swamp:1  | 27963 ||| Stepping ~*~*~tactically~*~*~ (stealth).
 27982 | Swamp:1  | 27982 ||| INVOKING Heroism.
 28028 | Swamp:1  | 28028 ||| SWAPPING to +1 war axe of flaming.
 28031 | Swamp:1  | 28031 ||| SWAPPING to +9 spectral war axe.
 28060 | Swamp:1  | 28060 ||| Stepping ~*~*~tactically~*~*~ (hiding).
 28179 | Swamp:1  | 28179 ||| Stepping ~*~*~tactically~*~*~ (hiding).
 28182 | Swamp:1  | 28182 ||| Stepping ~*~*~tactically~*~*~ (hiding).
 28322 | Swamp:1  | 28322 ||| INVOKING Heroism.
 28325 | Swamp:1  | Noticed a tentacled monstrosity
 28326 | Swamp:1  | 28326 ||| INVOKING Finesse.
 28335 | Swamp:1  | Killed a tentacled monstrosity
 28420 | Swamp:1  | 28420 ||| Stepping ~*~*~tactically~*~*~ (hiding).
 28422 | Swamp:1  | 28422 ||| Stepping ~*~*~tactically~*~*~ (hiding).
 28836 | Swamp:1  | 28836 ||| DROPPING ring of magical power.
 28883 | Swamp:2  | 28883 ||| INVOKING Heroism.
 28931 | Swamp:2  | 28931 ||| Stepping ~*~*~tactically~*~*~ (hiding).
 29088 | Swamp:2  | 29088 ||| INVOKING Heroism.
 29091 | Swamp:2  | 29091 ||| SWAPPING to +1 war axe of flaming.
 29095 | Swamp:2  | 29095 ||| SWAPPING to +9 spectral war axe.
 29097 | Swamp:2  | 29097 ||| SWAPPING to +1 war axe of flaming.
 29102 | Swamp:2  | Received a gift from Okawaru
 29103 | Swamp:2  | 29103 ||| SWAPPING to +9 spectral war axe.
 29113 | Swamp:2  | Reached skill level 18 in Armour
 29122 | Swamp:2  | 29122 ||| Stepping ~*~*~tactically~*~*~ (cloud).
 29302 | Swamp:2  | 29302 ||| INVOKING Heroism.
 29312 | Swamp:2  | 29312 ||| SWAPPING to +1 war axe of flaming.
 29317 | Swamp:2  | Identified the +4 hand axe of Courage {freeze, rElec Str+4}
                  | (Okawaru gifted it to you on level 2 of the Swamp)
 29317 | Swamp:2  | Received a gift from Okawaru
 29320 | Swamp:2  | 29320 ||| SWAPPING to +9 spectral war axe.
 29326 | Swamp:2  | Reached XP level 18. HP: 86/119 MP: 25/25
 29410 | Swamp:2  | 29410 ||| DROPPING +1 war axe of flaming.
 29967 | Swamp:3  | 29967 ||| INVOKING Heroism.
 30141 | Swamp:3  | 30141 ||| Stepping ~*~*~tactically~*~*~ (hiding).
 30274 | Swamp:3  | 30274 ||| INVOKING Heroism.
 30339 | Swamp:3  | 30339 ||| Stepping ~*~*~tactically~*~*~ (hiding).
 30350 | Swamp:3  | Reached skill level 15 in Shields
 30542 | Swamp:3  | Identified the +7 broad axe of the Ageless Olives {speed,
                  | Fly Int+4}
 30544 | Swamp:3  | 30544 ||| SWAPPING to +7 broad axe of the Ageless Olives
                  | {speed, Fly Int+4}.
 30545 | Swamp:3  | 30545 ||| DROPPING +9 spectral war axe.
 30586 | Swamp:3  | 30586 ||| PLANNING SNAKE:4
 30586 | Swamp:3  | 30586 ||| DROPPING +1 pair of boots.
 30764 | Snake:4  | Entered Level 4 of the Snake Pit
 30766 | Snake:4  | 30766 ||| INVOKING Heroism.
 30814 | Snake:4  | Identified the +4 pair of gloves "Weeggikh" {rC+} (Okawaru
                  | gifted it to you on level 4 of the Snake Pit)
 30814 | Snake:4  | Received a gift from Okawaru
 30814 | Snake:4  | HP: 15/119 [naga mage/+0 whip (17)]
 30814 | Snake:4  | HP: 5/119 [salamander/+0 trident (7)]
 30815 | Snake:4  | 30815 ||| READING 3 scrolls of teleportation.
 30816 | Snake:4  | 30816 ||| DRINKING 12 potions of heal wounds.
 30817 | Snake:4  | 30817 ||| DRINKING 11 potions of heal wounds.
 30818 | Snake:4  | 30818 ||| READING 2 scrolls of teleportation.
 30819 | Snake:4  | 30819 ||| DRINKING 10 potions of heal wounds.
 30854 | Snake:4  | 30854 ||| INVOKING Heroism.
 30894 | Snake:4  | 30894 ||| INVOKING Heroism.
 30901 | Snake:4  | HP: 17/119 [salamander/+0 trident (22)]
 30901 | Snake:4  | HP: 7/119 [salamander/+0 halberd (5)]
 30901 | Snake:4  | HP: 1/119 [salamander/+0 halberd (6)]
 30902 | Snake:4  | 30902 ||| READING scroll of teleportation.
 30903 | Snake:4  | 30903 ||| DRINKING 9 potions of heal wounds.
 30904 | Snake:4  | 30904 ||| DRINKING 8 potions of heal wounds.
 30914 | Snake:4  | HP: 24/119 [nagaraja/poison arrow (10)]
 30915 | Snake:4  | 30915 ||| DRINKING 7 potions of heal wounds.
 30933 | Snake:4  | HP: 25/119 [salamander/+0 halberd (7)]
 30934 | Snake:4  | 30934 ||| DRINKING 6 potions of heal wounds.
 31001 | Snake:4  | 31001 ||| INVOKING Heroism.
 31004 | Snake:4  | HP: 4/119 [naga warrior/+0 glaive (36)]
 31005 | Snake:4  | 31005 ||| DRINKING 5 potions of heal wounds.
 31006 | Snake:4  | 31006 ||| DRINKING 4 potions of heal wounds.
 31062 | Snake:4  | 31062 ||| FLEEEEING.
 31063 | Snake:4  | 31063 ||| FLEEEEING.
 31071 | Snake:4  | 31071 ||| STAIRDANCE
 31293 | Snake:4  | Reached ****** piety under Okawaru
 31396 | Snake:4  | Got a serpentine rune of Zot
 31448 | Snake:4  | 31448 ||| Stepping ~*~*~tactically~*~*~ (hiding).
 31566 | Snake:4  | 31566 ||| Stepping ~*~*~tactically~*~*~ (stealth).
 31570 | Snake:4  | 31570 ||| Stepping ~*~*~tactically~*~*~ (hiding).
 31706 | Snake:4  | 31706 ||| INVOKING Heroism.
 31737 | Snake:4  | Found Inwodi's Book Shoppe.
 31739 | Snake:4  | 31739 ||| Stepping ~*~*~tactically~*~*~ (stealth).
 31754 | Snake:4  | Found Banos's Jewellery Boutique.
 31829 | Snake:4  | Found Herialip's Book Shoppe.
 31845 | Snake:4  | 31845 ||| BUYING amulet of regeneration (360 gold).
 31845 | Snake:4  | Bought an amulet of regeneration for 360 gold pieces
 31845 | Snake:4  | 31845 ||| BUYING ring of protection from cold (300 gold).
 31845 | Snake:4  | Bought a ring of protection from cold for 300 gold pieces
 31943 | Snake:4  | 31943 ||| Stepping ~*~*~tactically~*~*~ (hiding).
 31976 | Snake:4  | Reached skill level 18 in Axes
 32149 | Snake:4  | Received a gift from Okawaru
 32149 | Snake:4  | Found the +10 zealot's sword {holy, *Rage rN+ EV+3}
 32150 | Snake:4  | 32150 ||| Stepping ~*~*~tactically~*~*~ (hiding).
 32261 | Snake:4  | 32261 ||| Stepping ~*~*~tactically~*~*~ (hiding).
 32387 | Snake:4  | 32387 ||| Stepping ~*~*~tactically~*~*~ (hiding).
 32489 | Snake:4  | 32489 ||| Stepping ~*~*~tactically~*~*~ (hiding).
 32492 | Snake:4  | 32492 ||| INVOKING Heroism.
 32523 | Snake:4  | Reached XP level 19. HP: 96/125 MP: 26/26
 33063 | Snake:4  | 33063 ||| PLANNING VAULTS:1-4
 33063 | Snake:4  | 33063 ||| UPGRADING to +4 pair of gloves "Weeggikh" {rC+}.
 33073 | Snake:4  | 33073 ||| DROPPING +2 pair of gloves of Pandemonium
                  | {Will+}.
 33074 | Snake:4  | 33074 ||| DROPPING +2 pair of gloves "Zumaomor" {Dex+4}.
 33075 | Snake:4  | 33075 ||| DROPPING +0 tower shield.
 33339 | Vaults:1 | Entered Level 1 of the Vaults
 33340 | Vaults:1 | 33340 ||| INVOKING Heroism.
 33345 | Vaults:1 | Reached skill level 16 in Fighting
 33508 | Vaults:1 | 33508 ||| INVOKING Heroism.
 33631 | Vaults:1 | 33631 ||| Stepping ~*~*~tactically~*~*~ (hiding).
 33636 | Vaults:1 | 33636 ||| Stepping ~*~*~tactically~*~*~ (hiding).
 33724 | Vaults:1 | 33724 ||| Stepping ~*~*~tactically~*~*~ (stealth).
 33727 | Vaults:1 | 33727 ||| Stepping ~*~*~tactically~*~*~ (stealth).
 33728 | Vaults:1 | 33728 ||| Stepping ~*~*~tactically~*~*~ (stealth).
 33730 | Vaults:1 | 33730 ||| Stepping ~*~*~tactically~*~*~ (hiding).
 33947 | Vaults:1 | 33947 ||| Stepping ~*~*~tactically~*~*~ (hiding).
 33958 | Vaults:1 | 33958 ||| INVOKING Heroism.
 34047 | Vaults:1 | 34047 ||| Stepping ~*~*~tactically~*~*~ (stealth).
 34106 | Vaults:1 | Received a gift from Okawaru
 34364 | Vaults:1 | 34364 ||| INVOKING Heroism.
 34382 | Vaults:1 | 34382 ||| Stepping ~*~*~tactically~*~*~ (stealth).
 34385 | Vaults:1 | 34385 ||| Stepping ~*~*~tactically~*~*~ (stealth).
 34400 | Vaults:1 | Identified the +4 war axe of Loumet Geleu {vorpal, Drain
                  | Fragile Int+9 Stlth+} (Okawaru gifted it to you on level 1
                  | of the Vaults)
 34400 | Vaults:1 | Received a gift from Okawaru
 34935 | Vaults:2 | 34935 ||| INVOKING Heroism.
 34994 | Vaults:2 | 34994 ||| Stepping ~*~*~tactically~*~*~ (hiding).
 35022 | Vaults:2 | 35022 ||| Stepping ~*~*~tactically~*~*~ (stealth).
 35062 | Vaults:2 | 35062 ||| INVOKING Heroism.
 35070 | Vaults:2 | Reached skill level 17 in Fighting
 35138 | Vaults:2 | Noticed Donald
 35139 | Vaults:2 | 35139 ||| INVOKING Heroism.
 35140 | Vaults:2 | 35140 ||| INVOKING Finesse.
 35157 | Vaults:2 | Killed Donald
 35259 | Vaults:2 | Received a gift from Okawaru
 35395 | Vaults:2 | 35395 ||| INVOKING Heroism.
 35436 | Vaults:2 | 35436 ||| Stepping ~*~*~tactically~*~*~ (stealth).
 35445 | Vaults:2 | 35445 ||| Stepping ~*~*~tactically~*~*~ (stealth).
 35511 | Vaults:2 | 35511 ||| Stepping ~*~*~tactically~*~*~ (hiding).
 35514 | Vaults:2 | 35514 ||| INVOKING Heroism.
 35516 | Vaults:2 | 35516 ||| INVOKING Finesse.
 35567 | Vaults:2 | Found a staircase to the Crypt.
 35657 | Vaults:2 | 35657 ||| Stepping ~*~*~tactically~*~*~ (stealth).
 35664 | Vaults:2 | 35664 ||| Stepping ~*~*~tactically~*~*~ (stealth).
 35716 | Vaults:2 | 35716 ||| FLEEEEING.
 35718 | Vaults:2 | 35718 ||| FLEEEEING.
 35719 | Vaults:2 | 35719 ||| FLEEEEING.
 35720 | Vaults:2 | 35720 ||| FLEEEEING.
 35721 | Vaults:2 | 35721 ||| Stepping ~*~*~tactically~*~*~ (hiding).
 35722 | Vaults:2 | 35722 ||| INVOKING Heroism.
 35725 | Vaults:2 | 35725 ||| INVOKING Finesse.
 35737 | Vaults:2 | Received a gift from Okawaru
 35742 | Vaults:2 | 35742 ||| Stepping ~*~*~tactically~*~*~ (hiding).
 35770 | Vaults:2 | 35770 ||| Stepping ~*~*~tactically~*~*~ (hiding).
 36021 | Vaults:2 | Reached XP level 20. HP: 128/134 MP: 27/27
 36100 | Vaults:2 | 36100 ||| INVOKING Heroism.
 36269 | Vaults:2 | 36269 ||| Stepping ~*~*~tactically~*~*~ (hiding).
 36273 | Vaults:2 | 36273 ||| INVOKING Heroism.
 36890 | Vaults:3 | 36890 ||| INVOKING Heroism.
 36891 | Vaults:3 | 36891 ||| INVOKING Finesse.
 36938 | Vaults:3 | 36938 ||| Stepping ~*~*~tactically~*~*~ (stealth).
 36951 | Vaults:3 | 36951 ||| Stepping ~*~*~tactically~*~*~ (stealth).
 36986 | Vaults:3 | 36986 ||| Stepping ~*~*~tactically~*~*~ (stealth).
 37025 | Vaults:3 | 37025 ||| FLEEEEING.
 37026 | Vaults:3 | 37026 ||| FLEEEEING.
 37027 | Vaults:3 | 37027 ||| FLEEEEING.
 37028 | Vaults:3 | 37028 ||| FLEEEEING.
 37029 | Vaults:3 | 37029 ||| FLEEEEING.
 37030 | Vaults:3 | 37030 ||| FLEEEEING.
 37031 | Vaults:3 | 37031 ||| FLEEEEING.
 37032 | Vaults:3 | 37032 ||| FLEEEEING.
 37033 | Vaults:3 | 37033 ||| FLEEEEING.
 37034 | Vaults:3 | 37034 ||| Stepping ~*~*~tactically~*~*~ (hiding).
 37136 | Vaults:3 | 37136 ||| INVOKING Heroism.
 37223 | Vaults:3 | 37223 ||| Stepping ~*~*~tactically~*~*~ (hiding).
 37224 | Vaults:3 | 37224 ||| Stepping ~*~*~tactically~*~*~ (hiding).
 37413 | Vaults:3 | 37413 ||| INVOKING Heroism.
 37439 | Vaults:3 | 37439 ||| INVOKING Finesse.
 37454 | Vaults:3 | 37454 ||| Stepping ~*~*~tactically~*~*~ (stealth).
 37456 | Vaults:3 | 37456 ||| Stepping ~*~*~tactically~*~*~ (hiding).
 37457 | Vaults:3 | 37457 ||| Stepping ~*~*~tactically~*~*~ (hiding).
 37460 | Vaults:3 | 37460 ||| Stepping ~*~*~tactically~*~*~ (hiding).
 37466 | Vaults:3 | 37466 ||| Stepping ~*~*~tactically~*~*~ (hiding).
 37468 | Vaults:3 | 37468 ||| Stepping ~*~*~tactically~*~*~ (hiding).
 37497 | Vaults:3 | 37497 ||| Stepping ~*~*~tactically~*~*~ (stealth).
 37499 | Vaults:3 | 37499 ||| Stepping ~*~*~tactically~*~*~ (hiding).
 37508 | Vaults:3 | 37508 ||| INVOKING Heroism.
 37512 | Vaults:3 | Reached skill level 18 in Fighting
 37525 | Vaults:3 | 37525 ||| Stepping ~*~*~tactically~*~*~ (hiding).
 37534 | Vaults:3 | 37534 ||| Stepping ~*~*~tactically~*~*~ (hiding).
 37696 | Vaults:3 | 37696 ||| Stepping ~*~*~tactically~*~*~ (stealth).
 37769 | Vaults:3 | 37769 ||| FLEEEEING.
 37770 | Vaults:3 | 37770 ||| FLEEEEING.
 37771 | Vaults:3 | 37771 ||| FLEEEEING.
 37772 | Vaults:3 | 37772 ||| FLEEEEING.
 37773 | Vaults:3 | 37773 ||| FLEEEEING.
 37774 | Vaults:3 | 37774 ||| FLEEEEING.
 37783 | Vaults:3 | 37783 ||| FLEEEEING.
 37784 | Vaults:3 | 37784 ||| FLEEEEING.
 37785 | Vaults:3 | 37785 ||| FLEEEEING.
 37786 | Vaults:3 | 37786 ||| FLEEEEING.
 37787 | Vaults:3 | 37787 ||| FLEEEEING.
 37788 | Vaults:3 | 37788 ||| FLEEEEING.
 37789 | Vaults:3 | 37789 ||| FLEEEEING.
 37790 | Vaults:3 | 37790 ||| FLEEEEING.
 37791 | Vaults:3 | 37791 ||| FLEEEEING.
 37793 | Vaults:3 | 37793 ||| FLEEEEING.
 37795 | Vaults:3 | 37795 ||| FLEEEEING.
 37989 | Vaults:3 | 37989 ||| Stepping ~*~*~tactically~*~*~ (stealth).
 38030 | Vaults:3 | 38030 ||| Stepping ~*~*~tactically~*~*~ (hiding).
 38031 | Vaults:3 | 38031 ||| Stepping ~*~*~tactically~*~*~ (hiding).
 38032 | Vaults:3 | 38032 ||| Stepping ~*~*~tactically~*~*~ (hiding).
 38034 | Vaults:3 | 38034 ||| Stepping ~*~*~tactically~*~*~ (hiding).
 38035 | Vaults:3 | 38035 ||| INVOKING Heroism.
 38263 | Vaults:3 | 38263 ||| INVOKING Heroism.
 38265 | Vaults:3 | 38265 ||| Stepping ~*~*~tactically~*~*~ (hiding).
 38501 | Vaults:4 | 38501 ||| Stepping ~*~*~tactically~*~*~ (stealth).
 38515 | Vaults:4 | Identified the +2 war axe "Xobbisint" {vorpal, Str-4 Int+7}
                  | (Okawaru gifted it to you on level 4 of the Vaults)
 38515 | Vaults:4 | Received a gift from Okawaru
 38530 | Vaults:4 | 38530 ||| INVOKING Heroism.
 38535 | Vaults:4 | Reached skill level 21 in Armour
 38536 | Vaults:4 | 38536 ||| INVOKING Finesse.
 38788 | Vaults:4 | 38788 ||| Stepping ~*~*~tactically~*~*~ (stealth).
 38790 | Vaults:4 | 38790 ||| Stepping ~*~*~tactically~*~*~ (hiding).
 38796 | Vaults:4 | 38796 ||| INVOKING Heroism.
 38809 | Vaults:4 | Reached skill level 9 in Throwing
 38910 | Vaults:4 | 38910 ||| INVOKING Heroism.
 39018 | Vaults:4 | 39018 ||| Stepping ~*~*~tactically~*~*~ (hiding).
 39183 | Vaults:4 | 39183 ||| Stepping ~*~*~tactically~*~*~ (stealth).
 39184 | Vaults:4 | 39184 ||| Stepping ~*~*~tactically~*~*~ (stealth).
 39198 | Vaults:4 | 39198 ||| INVOKING Finesse.
 39243 | Vaults:4 | 39243 ||| Stepping ~*~*~tactically~*~*~ (hiding).
 39244 | Vaults:4 | 39244 ||| INVOKING Heroism.
 39257 | Vaults:4 | 39257 ||| Stepping ~*~*~tactically~*~*~ (hiding).
 39261 | Vaults:4 | Received a gift from Okawaru
 39306 | Vaults:4 | 39306 ||| INVOKING Heroism.
 39325 | Vaults:4 | 39325 ||| Stepping ~*~*~tactically~*~*~ (hiding).
 39412 | Vaults:4 | Found Wugukkot's Book Boutique.
 39436 | Vaults:4 | Reached XP level 21. HP: 142/142 MP: 28/28
 39479 | Vaults:4 | 39479 ||| INVOKING Heroism.
 39674 | Vaults:4 | 39674 ||| Stepping ~*~*~tactically~*~*~ (hiding).
 39923 | Vaults:4 | Reached skill level 19 in Fighting
 39988 | Vaults:4 | 39988 ||| INVOKING Heroism.
 40144 | Vaults:4 | Identified the +9 shortbow of Ischaryty {vorpal, rF++ Str+5
                  | Dex-5}
 40197 | Vaults:4 | 40197 ||| Stepping ~*~*~tactically~*~*~ (hiding).
 40334 | Vaults:4 | 40334 ||| READING scroll of teleportation.
 40441 | Vaults:4 | 40441 ||| PLANNING SWAMP:4
 40714 | Swamp:4  | Entered Level 4 of the Swamp
 40715 | Swamp:4  | 40715 ||| INVOKING Heroism.
 40720 | Swamp:4  | 40720 ||| Stepping ~*~*~tactically~*~*~ (hiding).
 40753 | Swamp:4  | 40753 ||| Stepping ~*~*~tactically~*~*~ (hiding).
 40754 | Swamp:4  | 40754 ||| Stepping ~*~*~tactically~*~*~ (hiding).
 40883 | Swamp:4  | 40883 ||| INVOKING Heroism.
 40884 | Swamp:4  | 40884 ||| INVOKING Finesse.
 40891 | Swamp:4  | 40891 ||| Stepping ~*~*~tactically~*~*~ (hiding).
 40949 | Swamp:4  | 40949 ||| INVOKING Heroism.
 40998 | Swamp:4  | 40998 ||| Stepping ~*~*~tactically~*~*~ (hiding).
 41032 | Swamp:4  | HP: 29/144 [constriction (14)]
 41033 | Swamp:4  | 41033 ||| DRINKING 5 potions of heal wounds.
 41037 | Swamp:4  | HP: 35/144 [15-headed hydra (7)]
 41038 | Swamp:4  | 41038 ||| DRINKING 4 potions of heal wounds.
 41039 | Swamp:4  | 41039 ||| INVOKING Heroism.
 41042 | Swamp:4  | 41042 ||| DRINKING 3 potions of heal wounds.
 41055 | Swamp:4  | HP: 34/144 [14-headed hydra (10)]
 41056 | Swamp:4  | 41056 ||| DRINKING 2 potions of heal wounds.
 41057 | Swamp:4  | 41057 ||| DRINKING potion of heal wounds.
 41416 | Swamp:4  | Identified the +5 whip "Ekhlystruc" {venom, +Blink Will+
                  | Int+5}
 41465 | Swamp:4  | 41465 ||| Stepping randomly (cloudy).
 41466 | Swamp:4  | 41466 ||| Stepping randomly (cloudy).
 41469 | Swamp:4  | 41469 ||| INVOKING Heroism.
 41477 | Swamp:4  | 41477 ||| Stepping ~*~*~tactically~*~*~ (cloud).
 41664 | Swamp:4  | 41664 ||| Stepping randomly (cloudy).
 41665 | Swamp:4  | 41665 ||| INVOKING Heroism.
 41681 | Swamp:4  | 41681 ||| Stepping ~*~*~tactically~*~*~ (stealth).
 41694 | Swamp:4  | 41694 ||| Stepping ~*~*~tactically~*~*~ (stealth).
 41861 | Swamp:4  | Got a decaying rune of Zot
 41926 | Swamp:4  | 41926 ||| PLANNING DEPTHS
 41926 | Swamp:4  | 41926 ||| DROPPING +1 pair of boots.
 42190 | Depths:1 | Entered Level 1 of the Depths
 42224 | Depths:1 | Found a transporter.
 42231 | Depths:1 | 42231 ||| INVOKING Heroism.
 42353 | Depths:1 | Found a transporter.
 42365 | Depths:1 | 42365 ||| Stepping ~*~*~tactically~*~*~ (stealth).
 42372 | Depths:1 | 42372 ||| Stepping ~*~*~tactically~*~*~ (stealth).
 42378 | Depths:1 | 42378 ||| INVOKING Heroism.
 42407 | Depths:1 | Found a transporter.
 42415 | Depths:1 | 42415 ||| Stepping ~*~*~tactically~*~*~ (hiding).
 42491 | Depths:1 | 42491 ||| Stepping ~*~*~tactically~*~*~ (stealth).
 42493 | Depths:1 | 42493 ||| Stepping ~*~*~tactically~*~*~ (stealth).
 42495 | Depths:1 | 42495 ||| INVOKING Heroism.
 42496 | Depths:1 | 42496 ||| INVOKING Finesse.
 42498 | Depths:1 | 42498 ||| Stepping ~*~*~tactically~*~*~ (hiding).
 42501 | Depths:1 | Received a gift from Okawaru
 42605 | Depths:1 | 42605 ||| INVOKING Heroism.
 42606 | Depths:1 | 42606 ||| INVOKING Finesse.
 42676 | Depths:1 | 42676 ||| Stepping ~*~*~tactically~*~*~ (hiding).
 42682 | Depths:1 | 42682 ||| INVOKING Heroism.
 42683 | Depths:1 | 42683 ||| INVOKING Finesse.
 42698 | Depths:1 | Reached skill level 20 in Fighting
 42704 | Depths:1 | 42704 ||| Stepping ~*~*~tactically~*~*~ (hiding).
 42705 | Depths:1 | 42705 ||| Stepping ~*~*~tactically~*~*~ (hiding).
 42712 | Depths:1 | 42712 ||| Stepping ~*~*~tactically~*~*~ (hiding).
 42793 | Depths:1 | Identified the +2 helmet of Fogyboba {rCorr Dex+5} (Okawaru
                  | gifted it to you on level 1 of the Depths)
 42793 | Depths:1 | Received a gift from Okawaru
 42803 | Depths:1 | 42803 ||| INVOKING Heroism.
 43018 | Depths:1 | 43018 ||| Stepping ~*~*~tactically~*~*~ (hiding).
 43033 | Depths:1 | 43033 ||| Stepping ~*~*~tactically~*~*~ (hiding).
 43070 | Depths:1 | Found a gateway to Hell.
 43074 | Depths:1 | Identified the +4 chain mail of the Hunter {-Tele rPois
                  | Int+8 Dex-4}
 43109 | Depths:1 | 43109 ||| INVOKING Heroism.
 43128 | Depths:1 | Reached XP level 22. HP: 134/152 MP: 29/29
 43274 | Depths:1 | 43274 ||| INVOKING Heroism.
 43307 | Depths:1 | 43307 ||| Stepping ~*~*~tactically~*~*~ (hiding).
 43352 | Depths:1 | Found a sparkling altar of Nemelex Xobeh.
 43564 | Depths:1 | Found a one-way gate leading to the halls of Pandemonium.
 43565 | Depths:1 | 43565 ||| Stepping ~*~*~tactically~*~*~ (hiding).
 43567 | Depths:1 | 43567 ||| Stepping ~*~*~tactically~*~*~ (hiding).
 43569 | Depths:1 | 43569 ||| Stepping ~*~*~tactically~*~*~ (hiding).
 43766 | Depths:1 | Found a transporter.
 43781 | Depths:1 | 43781 ||| UPGRADING to +2 helmet of Fogyboba {rCorr Dex+5}.
 43791 | Depths:1 | 43791 ||| DROPPING +2 helmet.
 43792 | Depths:1 | 43792 ||| DROPPING amulet of faith.
 43893 | Depths:2 | 43893 ||| Stepping ~*~*~tactically~*~*~ (hiding).
 44071 | Depths:2 | 44071 ||| Stepping ~*~*~tactically~*~*~ (hiding).
 44073 | Depths:2 | 44073 ||| INVOKING Heroism.
 44080 | Depths:2 | 44080 ||| Stepping ~*~*~tactically~*~*~ (hiding).
 44110 | Depths:2 | Reached skill level 6 in Dodging
 44216 | Depths:2 | 44216 ||| INVOKING Heroism.
 44217 | Depths:2 | 44217 ||| INVOKING Finesse.
 44270 | Depths:2 | 44270 ||| Stepping ~*~*~tactically~*~*~ (hiding).
 44272 | Depths:2 | 44272 ||| Stepping ~*~*~tactically~*~*~ (hiding).
 44273 | Depths:2 | 44273 ||| Stepping ~*~*~tactically~*~*~ (hiding).
 44347 | Depths:2 | 44347 ||| Stepping ~*~*~tactically~*~*~ (hiding).
 44462 | Depths:2 | 44462 ||| INVOKING Heroism.
 44463 | Depths:2 | 44463 ||| INVOKING Finesse.
 44747 | Depths:2 | 44747 ||| Stepping ~*~*~tactically~*~*~ (hiding).
 44997 | Depths:2 | 44997 ||| Stepping ~*~*~tactically~*~*~ (stealth).
 44998 | Depths:2 | 44998 ||| Stepping ~*~*~tactically~*~*~ (stealth).
 45051 | Depths:2 | 45051 ||| INVOKING Heroism.
 45061 | Depths:2 | Received a gift from Okawaru
 45062 | Depths:2 | Reached skill level 21 in Fighting
 45073 | Depths:2 | 45073 ||| Stepping ~*~*~tactically~*~*~ (stealth).
 45074 | Depths:2 | 45074 ||| Stepping ~*~*~tactically~*~*~ (stealth).
 45076 | Depths:2 | 45076 ||| Stepping ~*~*~tactically~*~*~ (hiding).
 45077 | Depths:2 | 45077 ||| Stepping ~*~*~tactically~*~*~ (hiding).
 45079 | Depths:2 | 45079 ||| Stepping ~*~*~tactically~*~*~ (hiding).
 45081 | Depths:2 | 45081 ||| Stepping ~*~*~tactically~*~*~ (hiding).
 45161 | Depths:2 | 45161 ||| INVOKING Heroism.
 45162 | Depths:2 | 45162 ||| INVOKING Finesse.
 45358 | Depths:2 | 45358 ||| INVOKING Heroism.
 45359 | Depths:2 | 45359 ||| INVOKING Finesse.
 45607 | Depths:2 | 45607 ||| Stepping ~*~*~tactically~*~*~ (hiding).
 45667 | Depths:2 | Noticed a juggernaut
 45668 | Depths:2 | 45668 ||| INVOKING Heroism.
 45670 | Depths:2 | 45670 ||| INVOKING Finesse.
 45677 | Depths:2 | Killed a juggernaut
 45677 | Depths:2 | Received a gift from Okawaru
 45678 | Depths:2 | Reached skill level 18 in Shields
 45869 | Depths:3 | 45869 ||| Stepping ~*~*~tactically~*~*~ (hiding).
 45879 | Depths:3 | 45879 ||| INVOKING Heroism.
 45896 | Depths:3 | 45896 ||| Stepping ~*~*~tactically~*~*~ (hiding).
 45930 | Depths:3 | 45930 ||| Stepping ~*~*~tactically~*~*~ (stealth).
 45942 | Depths:3 | 45942 ||| Stepping ~*~*~tactically~*~*~ (stealth).
 46138 | Depths:3 | 46138 ||| Stepping ~*~*~tactically~*~*~ (hiding).
 46152 | Depths:3 | 46152 ||| INVOKING Heroism.
 46246 | Depths:3 | 46246 ||| Stepping ~*~*~tactically~*~*~ (hiding).
 46280 | Depths:3 | 46280 ||| Stepping ~*~*~tactically~*~*~ (hiding).
 46281 | Depths:3 | 46281 ||| INVOKING Heroism.
 46315 | Depths:3 | Identified the +4 quick blade "Mekkesef" {vorpal, rC-
                  | Int+6} (Okawaru gifted it to you on level 3 of the Depths)
 46315 | Depths:3 | Received a gift from Okawaru
 46384 | Depths:3 | 46384 ||| Stepping ~*~*~tactically~*~*~ (stealth).
 46442 | Depths:3 | 46442 ||| Stepping ~*~*~tactically~*~*~ (hiding).
 46444 | Depths:3 | 46444 ||| INVOKING Heroism.
 46457 | Depths:3 | Reached skill level 22 in Fighting
 46458 | Depths:3 | Reached XP level 23. HP: 133/162 MP: 30/30
 46564 | Depths:3 | 46564 ||| Stepping ~*~*~tactically~*~*~ (stealth).
 46565 | Depths:3 | 46565 ||| Stepping ~*~*~tactically~*~*~ (stealth).
 46565 | Depths:3 | Found a one-way gateway to a ziggurat.
 46566 | Depths:3 | 46566 ||| Stepping ~*~*~tactically~*~*~ (stealth).
 46567 | Depths:3 | 46567 ||| Stepping ~*~*~tactically~*~*~ (stealth).
 46568 | Depths:3 | 46568 ||| Stepping ~*~*~tactically~*~*~ (stealth).
 46569 | Depths:3 | 46569 ||| Stepping ~*~*~tactically~*~*~ (stealth).
 46604 | Depths:3 | 46604 ||| Stepping ~*~*~tactically~*~*~ (hiding).
 46605 | Depths:3 | 46605 ||| Stepping ~*~*~tactically~*~*~ (hiding).
 46606 | Depths:3 | 46606 ||| Stepping ~*~*~tactically~*~*~ (hiding).
 46609 | Depths:3 | 46609 ||| INVOKING Heroism.
 46703 | Depths:3 | 46703 ||| INVOKING Heroism.
 46793 | Depths:3 | 46793 ||| Stepping ~*~*~tactically~*~*~ (stealth).
 46794 | Depths:3 | 46794 ||| Stepping ~*~*~tactically~*~*~ (stealth).
 46818 | Depths:3 | 46818 ||| INVOKING Heroism.
 46897 | Depths:3 | 46897 ||| Stepping ~*~*~tactically~*~*~ (stealth).
 46899 | Depths:3 | 46899 ||| Stepping ~*~*~tactically~*~*~ (stealth).
 46900 | Depths:3 | 46900 ||| Stepping ~*~*~tactically~*~*~ (stealth).
 46914 | Depths:3 | 46914 ||| INVOKING Heroism.
 46921 | Depths:3 | 46921 ||| Stepping ~*~*~tactically~*~*~ (hiding).
 46928 | Depths:3 | 46928 ||| Stepping ~*~*~tactically~*~*~ (stealth).
 46940 | Depths:3 | Reached skill level 9 in Dodging
 46963 | Depths:3 | 46963 ||| Stepping ~*~*~tactically~*~*~ (hiding).
 46987 | Depths:3 | 46987 ||| Stepping ~*~*~tactically~*~*~ (stealth).
 47160 | Depths:3 | 47160 ||| Stepping ~*~*~tactically~*~*~ (stealth).
 47165 | Depths:3 | 47165 ||| Stepping ~*~*~tactically~*~*~ (stealth).
 47166 | Depths:3 | 47166 ||| Stepping ~*~*~tactically~*~*~ (stealth).
 47280 | Depths:3 | 47280 ||| DROPPING amulet of guardian spirit.
 47281 | Depths:3 | 47281 ||| DROPPING ring of ice.
 47299 | Depths:4 | Entered Level 4 of the Depths
 47300 | Depths:4 | 47300 ||| PLANNING WIZLAB
 47303 | Depths:4 | 47303 ||| Stepping ~*~*~tactically~*~*~ (hiding).
 47315 | Depths:4 | 47315 ||| Stepping ~*~*~tactically~*~*~ (hiding).
 47316 | Depths:4 | 47316 ||| INVOKING Finesse.
 47321 | Depths:4 | 47321 ||| Stepping ~*~*~tactically~*~*~ (hiding).
 47364 | Depths:4 | 47364 ||| Stepping ~*~*~tactically~*~*~ (hiding).
 47402 | Depths:4 | 47402 ||| INVOKING Heroism.
 47424 | Depths:4 | Identified the +3 ring mail "Hatwiw" {rF+ Int-3 Dex+5}
                  | (Okawaru gifted it to you on level 4 of the Depths)
 47424 | Depths:4 | Received a gift from Okawaru
 47464 | Depths:4 | Noticed a caustic shrike
 47465 | Depths:4 | 47465 ||| INVOKING Finesse.
 47465 | Depths:4 | Noticed a caustic shrike
 47473 | Depths:4 | Noticed a caustic shrike
 47479 | Depths:4 | Killed a caustic shrike
 47487 | Depths:4 | Killed a caustic shrike
 47492 | Depths:4 | Killed a caustic shrike
 47497 | Depths:4 | HP: 39/164 [red draconian scorcher/searing blast (15)]
 47498 | Depths:4 | 47498 ||| READING scroll of teleportation.
 47499 | Depths:4 | 47499 ||| INVOKING Heroism.
 47898 | Depths:4 | 47898 ||| Stepping ~*~*~tactically~*~*~ (hiding).
 47935 | Depths:4 | 47935 ||| Stepping ~*~*~tactically~*~*~ (stealth).
 47939 | Depths:4 | 47939 ||| Stepping ~*~*~tactically~*~*~ (stealth).
 47940 | Depths:4 | 47940 ||| INVOKING Heroism.
 48012 | Depths:4 | 48012 ||| INVOKING Finesse.
 48145 | Depths:4 | 48145 ||| INVOKING Heroism.
 48146 | Depths:4 | 48146 ||| Stepping ~*~*~tactically~*~*~ (hiding).
 48157 | Depths:4 | Reached skill level 23 in Fighting
 48163 | Depths:4 | Noticed Margery
 48164 | Depths:4 | 48164 ||| DRINKING 6 potions of resistance.
 48170 | Depths:4 | 48170 ||| RIP WIZLAB
 48171 | Depths:4 | 48171 ||| PLANNING DEPTHS
 48184 | Depths:4 | Killed Margery
 48248 | Depths:4 | 48248 ||| INVOKING Heroism.
 48249 | Depths:4 | 48249 ||| INVOKING Finesse.
 48378 | Depths:4 | Found a gate to the Realm of Zot.
 48397 | Depths:4 | 48397 ||| INVOKING Finesse.
 48398 | Depths:4 | 48398 ||| INVOKING Heroism.
 48435 | Depths:4 | 48435 ||| Stepping ~*~*~tactically~*~*~ (stealth).
 48436 | Depths:4 | 48436 ||| Stepping ~*~*~tactically~*~*~ (stealth).
 48437 | Depths:4 | 48437 ||| Stepping ~*~*~tactically~*~*~ (stealth).
 48438 | Depths:4 | 48438 ||| Stepping ~*~*~tactically~*~*~ (stealth).
 48465 | Depths:4 | 48465 ||| Stepping ~*~*~tactically~*~*~ (hiding).
 48466 | Depths:4 | 48466 ||| Stepping ~*~*~tactically~*~*~ (hiding).
 48569 | Depths:4 | Found Ajybeo's Neck Hole.
 48578 | Depths:4 | 48578 ||| BUYING amulet of reflection (450 gold).
 48578 | Depths:4 | Bought an amulet of reflection for 450 gold pieces
 48735 | Depths:4 | 48735 ||| PLANNING VAULTS:5
 48735 | Depths:4 | 48735 ||| UPGRADING to amulet of reflection.
 48745 | Depths:4 | 48745 ||| DROPPING amulet of the acrobat.
 48746 | Depths:4 | 48746 ||| DROPPING amulet of regeneration.
 49102 | Vaults:5 | Entered Level 5 of the Vaults
 49103 | Vaults:5 | 49103 ||| INVOKING Heroism.
 49104 | Vaults:5 | 49104 ||| STAIRDANCE
 49120 | Vaults:5 | 49120 ||| STAIRDANCE
 49197 | Vaults:5 | 49197 ||| STAIRDANCE
 49199 | Vaults:4 | 49199 ||| INVOKING Heroism.
 49252 | Vaults:5 | 49252 ||| STAIRDANCE
 49254 | Vaults:4 | 49254 ||| INVOKING Heroism.
 49339 | Vaults:5 | 49339 ||| STAIRDANCE
 49352 | Vaults:5 | 49352 ||| INVOKING Heroism.
 49353 | Vaults:5 | Noticed a golden dragon
 49354 | Vaults:5 | 49354 ||| INVOKING Finesse.
 49359 | Vaults:5 | Received a gift from Okawaru
 49372 | Vaults:5 | Killed a golden dragon
 49380 | Vaults:5 | Identified the +2 pair of boots "Towepey" {rElec rC- SInv}
                  | (Okawaru gifted it to you on level 5 of the Vaults)
 49380 | Vaults:5 | Received a gift from Okawaru
 49385 | Vaults:5 | Reached skill level 24 in Fighting
 49415 | Vaults:5 | 49415 ||| Stepping ~*~*~tactically~*~*~ (hiding).
 49449 | Vaults:5 | Reached XP level 24. HP: 143/173 MP: 30/30
 49452 | Vaults:5 | Noticed an ancient lich
 49469 | Vaults:5 | 49469 ||| INVOKING Finesse.
 49483 | Vaults:5 | Killed an ancient lich
 49500 | Vaults:5 | 49500 ||| Stepping ~*~*~tactically~*~*~ (hiding).
 49501 | Vaults:5 | 49501 ||| INVOKING Heroism.
 49558 | Vaults:5 | Reached skill level 25 in Fighting
 49569 | Vaults:5 | Noticed an ancient lich
 49570 | Vaults:5 | 49570 ||| INVOKING Finesse.
 49570 | Vaults:5 | HP: 44/176 [deep elf high priest/+0 short sword (2)]
 49579 | Vaults:5 | Noticed an ancient lich
 49587 | Vaults:5 | HP: 30/176 [frost giant/bolt of cold (2)]
 49589 | Vaults:5 | 49589 ||| INVOKING Heroism.
 49600 | Vaults:5 | Received a gift from Okawaru
 49600 | Vaults:5 | Noticed a dread lich
 49606 | Vaults:5 | Killed an ancient lich
 49608 | Vaults:5 | Killed an ancient lich
 49608 | Vaults:5 | Identified the +1 robe of Perphot {rCorr Int+2 Dex-2}
                  | (Okawaru gifted it to you on level 5 of the Vaults)
 49608 | Vaults:5 | Received a gift from Okawaru
 49608 | Vaults:5 | HP: 30/176 [tentacled monstrosity (2)]
 49615 | Vaults:5 | Gained mutation: You are dopey. (Int -2) [a cacodemon]
 49621 | Vaults:5 | HP: 24/176 [deep elf zephyrmancer/bolt of lightning[a deep
                  | elf high priest] (7)]
 49621 | Vaults:5 | Identified the ring "Niul" {rF++ Dex+6}
 49625 | Vaults:5 | HP: 11/176 [fire giant/fireball (14)]
 49630 | Vaults:5 | HP: 2/176 [deep elf zephyrmancer/bolt of lightning[a deep
                  | elf high priest] (10)]
 49639 | Vaults:5 | Killed a dread lich
 49667 | Vaults:5 | Slain by a deep troll

Levels and vault maps discovered:
D:1:      dpeg_arrival_yet_another_circle, layout_basic,
          hellmonk_ecumenical_altar_run_dry
D:2:      layout_basic, solitary_fountain, minmay_misc_feat_five
D:3:      layout_loops_ring, serial_shops, nicolae_square_shop,
          minmay_misc_feat_rows
D:4:      layout_rooms, nicolae_dithmenos_the_darkroom, serial_bayou,
          serial_bayou_shore_b, serial_bayou_ford_a, serial_bayou_lagoon_a,
          serial_bayou_pond_b
D:5:      layout_rooms, mainiacjoe_overflow_boulevard, minmay_temple_entry_mist,
          uniq_sigmund, uniq_pikel, uniq_duvessa
D:6:      layout_loops_ring, serial_shops, nicolae_shop_hallway_plus,
          uniq_eustachio
D:7:      layout_basic, grunt_temple_overflow_holy_war,
          nicolae_ossuary_entry_monument, minmay_checkerbox
D:8:      layout_loops_ring
D:9:      layout_basic, lemuel_coloured_pillars_altar,
          nzn_hepliaklqana_mist_gate, serial_rivers,
          chequers_serial_rivers_large_a, chequers_serial_rivers_micro_e,
          chequers_serial_rivers_small_3, chequers_serial_rivers_room_b,
          chequers_serial_rivers_micro_a, chequers_serial_rivers_micro_a
D:10:     layout_cave_pools, grunt_temple_overflow_growth_and_decay,
          erik_lair_island
D:11:     layout_basic, zombieorc2_lemuel, portal_ice_cave_entry_pillars_2,
          uniq_erica
D:12:     layout_layer_cave, uniq_psyche
D:13:     layout_basic, david_vaults_1
D:14:     layout_irregular_city, enter_trove_6, chequers_jeans,
          grunt_ministairs_8, nicolae_shop_firing_range, uniq_roxanne,
          uniq_jorgrun, uniq_nessos
D:15:     gammafunk_depths_entry_grave, layout_irregular_city, serial_demonic,
          serial_demonic_e, serial_demonic_e, serial_demonic_a,
          serial_demonic_g, serial_demonic_g, serial_demonic_e,
          serial_demonic_f, serial_demonic_f, nicolae_shop_gadgets
Temple:   nicolae_temple_two_arcs
Lair:1:   layout_chaotic_city
Lair:2:   layout_regular_city, nicolae_swamp_entry_splash_gauntlet
Lair:3:   layout_loops_ring, guppyfry_snake_entry_island,
          gauntlet_entry_generic, grunt_forest_stairs_basic, st_stairs_13,
          chequers_serial_rivers_micro_b
Lair:4:   layout_regular_city, slime_entry_1, gammafunk_ghost_necromancy
Lair:5:   hellmonk_lair_end_abyssal_woods, layout_concentric_octagons,
          grunt_forest_small_clearing_treed, serial_bayou_shore_a,
          lemuel_fruit_tree, infiniplex_staircase_pool_2
Swamp:1:  layout_falls_marsh, nicolae_swamp_orc_logging_accident, swamp_pool2,
          hangedman_swamp_blocks
Swamp:2:  layout_falls_marsh, nicolae_swamp_feature_on_the_river_bank
Swamp:3:  layout_basic_swamp, hangedman_swamp_ruin_wall
Swamp:4:  swamp, layout_basic_swamp, swamp_pool5, cheibrodos_swamp_pet_leeches
Snake:1:  layout_gridlike, grunt_megastairs_3, uniq_aizul
Snake:2:  layout_basic, ebering_ghost_xom, uniq_vashnia, uniq_frances
Snake:3:  layout_misc_corridors
Snake:4:  snake_pit, layout_layer_cave, st_stairs_13, nicolae_snake_springs,
          minmay_shop_grove
Orc:1:    layout_caves
Orc:2:    grunt_orc_gardens, layout_caves, grunt_orc_garden, grunt_orc_garden,
          grunt_orc_garden, grunt_orc_garden, hangedman_feature_mirror,
          nicolae_orc_flooded_monolith, okawaru_metal_pillars_1_2,
          uniq_saint_roka
Vaults:1: v_alt_pattern_6, vaults_dpeg_spiral, v_misc_25,
          hangedman_vaults_variations, hangedman_vaults_stretched_pinwheel,
          v_misc_15, vaults_room_semicircle, layout_vaults_omnigrid
Vaults:2: nicolae_vaults_little_squares_3, st_octagons_1, grunt_vaults_twisty,
          minmay_crypt_entry_nasty_monster, hangedman_vaults_pinch,
          hangedman_vaults_capsules, ontoclasm_vaults_chip,
          nicolae_vaults_ninety_degrees, vaults_room_corners, vaults_dpeg_ring,
          serial_ice_g, ontoclasm_vaults_hangar, layout_vaults_ring, uniq_donald
Vaults:3: nicolae_vaults_little_squares_2, v_alt_pattern_4,
          nicolae_vaults_yaktaur_gun_rack, v_misc_9, hangedman_vaults_slice,
          dpeg_vaults_monster_doublerow, vaults_room_grid,
          nicolae_vaults_border_crossing, layout_vaults_maze
Vaults:4: v_alt_pattern_1, vaults_mumra_hexcomb, vaults_room_door_hall,
          nicolae_vaults_little_squares_5, v_rooms_4,
          vaults_mumra_minichess_inversion, v_misc_27,
          dpeg_vaults_hating_casters, layout_vaults_chaotic_city, serial_shops,
          nicolae_shop_statue_plus
Vaults:5
Depths:1: layout_gridlike, nemelex_diamond_rough_becter,
          grunt_pan_entry_sceptre, lightli_too_deep, minivault_15,
          serial_bayou_pond_e, dk_noncrumbling_2, minmay_misc_feat_plants,
          nicolae_transporter_intersection
Depths:2: grunt_deathspiral_large, layout_gridlike, pan_entry, hell_entry,
          serial_glass, glass_columns_a, glass_columns_b, glass_columns_b,
          glass_columns_c, glass_columns_b
Depths:3: hangedman_crystal_crosses_colossus [crystal_crosses_arms_four,
          crystal_crosses_arms_four, crystal_crosses_arms_two,
          crystal_crosses_arms_one], pan_entry, abyss_entry, hell_entry
Depths:4: evilmike_zot_entry_diamond, layout_gridville, minmay_door_square,
          hangedman_coc_ice_floe, lightli_enter_wizlab_magi_temple,
          nicolae_shop_sticking_my_neck_out, grunt_megastairs_2, uniq_margery

Skill      XL: |  1  2  3  4  5  6  7  8  9 10 11 12 13 14 15 16 17 18 19 20 21 22 23 24 |
---------------+-------------------------------------------------------------------------+-----
Axes           | 2 3 4 5 6 7 8 9 10 11 13 14 15 16 18 | 18.0
Throwing       | 1 2 3 4 5 6 7 8 9 |  9.3
Fighting       | 4 6 7 8 9 10 11 12 13 15 17 18 20 22 24 25 | 25.5
Dodging        | 1 2 3 4 5 8 9 10 | 10.0
Armour         | 4 5 6 7 10 11 13 14 16 18 19 21 22 | 22.0
Invocations    | 4 8 10 | 10.0
Shields        | 5 9 10 12 13 14 15 16 17 18 19 | 19.9

Action                   |  1- 3 |  4- 6 |  7- 9 | 10-12 | 13-15 | 16-18 | 19-21 | 22-24 || total
-------------------------+-------+-------+-------+-------+-------+-------+-------+-------++-------
Melee: War axe           |    58 |    76 |   131 |   287 |   548 |   655 |       |       ||  1755
       Flail             |       |       |       |       |    14 |       |       |       ||    14
       Broad axe         |       |       |       |       |       |   374 |  1332 |  1165 ||  2871
Throw: Javelin           |    26 |    19 |    28 |    74 |   172 |    62 |    60 |     2 ||   443
       Boomerang         |       |       |       |     2 |     8 |    54 |    87 |    81 ||   232
Invok: Heroism           |       |       |     3 |    27 |    40 |    37 |    38 |    28 ||   173
       Finesse           |       |       |       |     4 |    11 |     7 |    11 |    13 ||    46
  Use: Scroll            |     8 |     2 |    11 |    13 |     6 |     5 |     1 |     1 ||    47
       Potion            |     1 |       |     1 |       |       |    10 |     5 |     1 ||    18
 Stab: Distracted        |       |       |       |       |    10 |    10 |       |       ||    20
       Confused          |       |       |       |       |       |     1 |     1 |       ||     2
Armor: Scale mail        |    37 |     9 |       |       |       |       |       |       ||    46
       Chain mail        |       |    38 |    64 |       |       |       |       |       ||   102
       Plate armour      |       |       |     7 |    59 |       |       |       |       ||    66
       Crystal plate arm |       |       |       |     5 |   171 |   371 |   619 |   308 ||  1474
Dodge: Dodged            |    20 |    27 |    39 |    26 |    91 |   207 |   271 |   166 ||   847
Block: Buckler           |     7 |    21 |    19 |       |       |       |       |       ||    47
       Kite shield       |       |       |     7 |   139 |   385 |   827 |   872 |   640 ||  2870
       Reflection        |       |       |       |       |       |       |       |    34 ||    34

Table legend:
 A = Non-vault XP
 B = Vault XP
 C = Vault XP percentage of total XP
 D = Non-vault monster count
 E = Vault monster count
 F = Vault count percentage of total count
                 A         B        C        D         E       F
            +---------+---------+-------+---------+---------+-------
      Total |  480442 |  445511 |  48.1 |    1061 |     634 |  37.4
            +---------+---------+-------+---------+---------+-------
        D:1 |      16 |       0 |   0.0 |       8 |       0 |   0.0
        D:2 |      58 |       0 |   0.0 |      19 |       0 |   0.0
        D:3 |      52 |       0 |   0.0 |      21 |       0 |   0.0
        D:4 |     340 |      43 |  11.2 |      19 |       3 |  13.6
        D:5 |     979 |    1069 |  52.2 |      22 |       4 |  15.4
        D:6 |     427 |     214 |  33.4 |       9 |       1 |  10.0
        D:7 |    1216 |     425 |  25.9 |      18 |       4 |  18.2
        D:8 |     712 |       0 |   0.0 |      12 |       0 |   0.0
        D:9 |    1848 |       0 |   0.0 |      21 |       0 |   0.0
       D:10 |    1394 |     589 |  29.7 |      15 |       7 |  31.8
       D:11 |    4103 |    2201 |  34.9 |      21 |      38 |  64.4
       D:12 |    4168 |       0 |   0.0 |      21 |       0 |   0.0
       D:13 |    5911 |     924 |  13.5 |      14 |       2 |  12.5
       D:14 |   12230 |    5785 |  32.1 |      26 |      10 |  27.8
       D:15 |    7184 |    9986 |  58.2 |      14 |      23 |  62.2
     Lair:1 |    7256 |       0 |   0.0 |      29 |       0 |   0.0
     Lair:2 |    5053 |    2516 |  33.2 |      18 |       7 |  28.0
     Lair:3 |    9962 |     484 |   4.6 |      29 |       3 |   9.4
     Lair:4 |   10269 |       0 |   0.0 |      41 |       0 |   0.0
     Lair:5 |   14876 |   10287 |  40.9 |      41 |      36 |  46.8
    Swamp:1 |   15258 |       0 |   0.0 |      30 |       0 |   0.0
    Swamp:2 |   16765 |       0 |   0.0 |      32 |       0 |   0.0
    Swamp:3 |    9021 |       0 |   0.0 |      18 |       0 |   0.0
    Swamp:4 |   16654 |   19223 |  53.6 |      28 |      35 |  55.6
    Snake:1 |   18896 |    5293 |  21.9 |      39 |       8 |  17.0
    Snake:2 |   11033 |    8407 |  43.2 |      25 |       7 |  21.9
    Snake:3 |   26607 |       0 |   0.0 |      48 |       0 |   0.0
    Snake:4 |   29163 |   32593 |  52.8 |      60 |      48 |  44.4
      Orc:1 |    2474 |       0 |   0.0 |      34 |       0 |   0.0
      Orc:2 |     614 |   12885 |  95.5 |      18 |      24 |  57.1
   Vaults:1 |   19430 |   13124 |  40.3 |      28 |      17 |  37.8
   Vaults:2 |   25899 |   33970 |  56.7 |      36 |      42 |  53.8
   Vaults:3 |   26159 |   19259 |  42.4 |      38 |      21 |  35.6
   Vaults:4 |   30558 |   46071 |  60.1 |      45 |      57 |  55.9
   Vaults:5 |   26251 |   90814 |  77.6 |      33 |      68 |  67.3
   Depths:1 |   58447 |    3310 |   5.4 |      69 |       5 |   6.8
   Depths:2 |   25175 |   40940 |  61.9 |      27 |      44 |  62.0
   Depths:3 |       0 |   56165 | 100.0 |       0 |      55 | 100.0
   Depths:4 |   33984 |   23299 |  40.7 |      35 |      21 |  37.5
    Ossuary |       0 |    1278 | 100.0 |       0 |      35 | 100.0
   Gauntlet |       0 |    4357 | 100.0 |       0 |       9 | 100.0
            +---------+---------+-------+---------+---------+-------
